Workbook
Name __________kk29: #REF!
Name _________kk06: #REF!
Name _________kk29: #REF!
Name _________kk29: #REF!
Name _________kk29: #REF!
Name ________kk06: #REF!
Name ________kk06: #REF!
Name ________kk06: #REF!
Name ________kk29: #REF!
Name ________kk29: #REF!
Name ________kk29: #REF!
Name _______kk06: #REF!
Name _______kk06: #REF!
Name _______kk29: #REF!
Name _______kk29: #REF!
Name ______kk06: #REF!
Name ______kk06: #REF!
Name ______kk29: #REF!
Name ______kk29: #REF!
Name _____kk06: #REF!
Name _____kk06: #REF!
Name _____kk29: #REF!
Name _____kk29: #REF!
Name ____kk06: #REF!
Name ____kk06: #REF!
Name ____kk29: #REF!
Name ____kk29: #REF!
Name ___kk06: #REF!
Name ___kk06: #REF!
Name ___kk29: #REF!
Name ___kk29: #REF!
Name __kk06: #REF!
Name __kk06: #REF!
Name __kk06: #REF!
Name __kk06: #REF!
Name __kk06: #REF!
Name __kk06: #REF!
Name __kk06: #REF!
Name __kk06: #REF!
Name __kk29: #REF!
Name __kk29: #REF!
Name __kk29: #REF!
Name __kk29: #REF!
Name __kk29: #REF!
Name __kk29: #REF!
Name __kk29: #REF!
Name __kk29: #REF!
Name __KK30: #REF!
Name _kk06: #REF!
Name _kk06: #REF!
Name _kk06: #REF!
Name _kk06: #REF!
Name _kk06: #REF!
Name _kk06: #REF!
Name _kk06: #REF!
Name _kk06: #REF!
Name _kk29: #REF!
Name _kk29: #REF!
Name _m: #REF!
Name _miyaji: #REF!

Sheet 提出書類一覧
B1: 新規 ・ 更新 提出書類一覧 （兼チェックリスト）
B2: ※申請される際には、事業所保管用として事前に提出書類一式のコピーをとっておくようにして下さい。
R4: の箇所にご記入ください（手書き可）
D7: 新 規 | G7: 更 新 | J7: 開設希望又は更新年月日 | P7: 令和 | S7: 年 | U7: 月 | W7: 日
B9: 法 人 名
B10: 事業所名
C12: ▼提出いただいた申請書類に記載されている内容について、問い合わせする際の連絡先を記入してください。
B13: 担当者 | J13: 電 話
J14: メールアドレス
B16: 希望事業種別 | G16: 児童発達支援 | Q16: 定 員
G17: 放課後等デイサービス | M17: [多機能型] | X17: 名
G18: 保育所等訪問支援 | N18: 一体型 | R18: ※多機能型(規模別)の場合
G19: 居宅訪問型児童発達支援 | N19: 規模別 | S19: 児童発達支援 | Z19: 名
B20: 主たる障害種別 | H20: 主たる障害種別以外も受け入れる | S20: 放課後等デイサービス | Z20: 名
D21: 重症心身障害児(重心型) | S21: 保育所等訪問支援 | Z21: 名
D22: 重症心身障害児以外(一般型) | S22: 居宅訪問型児童発達支援 | Z22: 名
J24: ご用意できたものにチェックをつけてください ⇒ | T24: 申請者 確認欄 | V24: 様 式
C25: (↓品川区使用欄)
B26: 申請書 | D26: 提出物チェックリスト(本用紙) | V26: 本用紙
D27: 指定申請書 | H27: 既に指定を受けている事業所等がある場合 ⇒ 別紙の提出 | V27: 第1号様式
B28: 付 表 | D28: 指定に係る記載事項(付表)
F29: 児童発達支援 | L29: ⇒ | M29: 付表１ | V29: 別記第１号様式
F30: 放課後等デイサービス | L30: ⇒ | M30: 付表１ | V30: 別記第１号様式
F31: 居宅訪問型児童発達支援 | L31: ⇒ | M31: 付表２ | V31: 別記第２号様式
F32: 保育所等訪問支援 | L32: ⇒ | M32: 付表３ | V32: 別記第３号様式
B33: 加 算 | E33: 各加算に必要な書類を適宜ご提出ください。 | V33: （参考）加算届出書類一式
D34: 障害児通所・入所給付費の算定に係る体制等状況一覧表 ※サービス種別・障害種別ごと
D35: 障害児（通所）給付費算定に係る体制等に関する届出書
B36: 人 員 | D36: 従業者の勤務の体制及び勤務形態一覧表 | V36: 参考様式1
D37: 管 理 者 | G37: 経歴書 | V37: 参考様式2
G38: ※児発管の資格要件に必要なものは必ず提出
D39: 児童発達支援 | H39: 経歴書 ※管理者と兼務の場合は1枚にまとめてもよい | V39: 参考様式3
D40: 管理責任者 | H40: 資格証
D41: （児発管） | H41: 実務経験証明書 | V41: 参考様式4
H42: 研修修了書
D43: 従 業 員 | G43: ※職種の資格要件・加算の申請に必要なものは必ず提出
D44: （訪問支援員） | H44: 資格証
D45: ※ 保育所等訪問支 援、居宅訪問型児 童発達支援の場合 | H45: 実務経験証明書 | V45: 参考様式4
H46: 研修修了書
D47: 就業規則
E48: その他の規定（非常勤職員規定、育児介護休業規定 等）がある場合 ⇒ 提出
B49: 運 営 | D49: 履歴（登記）事項全部証明書（原本） | M49: 公設の場合 ⇒ 条例の提出
D50: 代表者印の印鑑証明書（原本）
D51: 児童福祉法第21条の5の15第3項各号の規定に該当しない旨の誓約書（両面印刷） | V51: 参考様式5
D52: 運営規程
D53: 利用者からの苦情を解決するために講ずる措置の概要 | V53: 参考様式6
D54: 協力医療機関について ※医療機関名、所在地、診療科目を記載 | V54: 参考様式7
D55: 協力医療機関との契約・協定内容の分かる書類（契約書・協定書 等）
D56: 消防計画 | V56: 消防署の定める様式
B57: 設 備 | D57: 平面図
D58: 写真（カラー印刷、A4サイズに４～６枚ずつ貼付）
D59: 設備・備品等一覧表 | V59: 参考様式8
D60: 社会福祉施設等における耐震化に関する調査票 | V60: 参考様式9
D61: 物件が建築基準法に適合していることが確認できる書類
D62: （検査済証、台帳記載事項証明 等）
D63: 土地・建物の賃貸契約書 または 不動産登記簿謄本
E64: 送迎を行う場合(該当するものを提出）
E65: 車検証（全車両分）、リース契約書、業務委託契約書 等
B67: ▼新規申請の場合は、以下の書類もご提出ください。
B68: 新規のみ | D68: 事業開始届・事業計画書・収支予算書 | V68: 参考様式10・参考様式11
D69: 社会保険及び労働保険への加入状況にかかる確認票 | V69: 参考様式12
D70: 電話が開通していることが確認できる書類（電話会社からの通知 等）
D71: メールアドレス登録依頼書（情報公表制度用） ※法人のメールアドレス | V71: 参考様式13
D72: メールアドレス登録依頼書（情報提供用） ※事業所のメールアドレス
B74: 〈参考〉 新規申請の場合、指定前の現地確認（指定希望月前月）までに以下の書類もご用意ください。
B75: 現地確認時に原本を確認する書類
C76: ・雇用契約書、辞令、誓約書（秘密保持に関する事項について 等） ※勤務形態一覧表に記載のある方全員の分
B77: 事前提出が必要な書類
C78: ・利用契約書、重要事項説明書、個人情報提供同意書
C79: ・個別支援計画書、サービス提供記録、サービス提供実績記録票、アセスメントシート 等
C80: ・研修計画
C81: ・利用申込み状況
C82: ・療育内容
C83: ・非常災害対策
C85: 【ご提出・お問合せ先】
E86: 品川区 福祉部 障害者施策推進課 計画推進係
D88: 郵 送 | F88: 〒140-8715 品川区広町2-１-36
D90: 窓 口 | F90: 品川区役所 本庁舎3階 障害者施策推進課窓口
D92: お問合せ | F92: 電話（直通）：03-5742-６７６２
F93: メール：shoshsk-suishin@city.shinagawa.tokyo.jp （※書類の事前確認のみ）
D94: ◆メールの件名には、 【事業所名】を入れてください。
E95: ※共有使用のため、ご記入がない場合は確認ができません。

Sheet 第1号様式
A1: 第１号様式（第２条関係）
A2: （表）
A4: 指定障害児通所支援事業所/指定障害児入所施設
E5: 指定 | G5: 申請書
O6: 年 | R6: 月 | U6: 日
B7: 品川区長 あて
H8: 所在地
G9: 申請者 | H9: 名 称
H10: 代表者
B12: 表題の事業所・施設に係る指定/指定の更新を受けたいので、下記のとおり、関係書類を添えて申請します。
F14: 法人番号(13桁)
A15: 申請者(設置者) | B15: フリガナ
B16: 名称
B17: 主たる事務所の所在地 | D17: (郵便番号 | F17: - | I17: ）
E18: 県 | H18: 市
B20: 連絡先 | D20: 電話番号 | E20: (内線) | L20: FAX番号
D21: E-mailアドレス
B22: 法人等の種類
B23: 代表者の職・氏名・生年月日 | D23: 職名 | G23: フリガナ | O23: 生年月日
G24: 氏名
B25: 代表者の住所 | D25: (郵便番号 | F25: - | I25: ）
E26: 県 | H26: 市
A28: 指定を受けようとする事業所・施設の種類 | B28: フリガナ
B29: 名称
B30: 事業所(施設)の所在地 | D30: (郵便番号 | F30: - | I30: ）
D31: 東京都品川区
B32: 多機能型事業所に係る指定の申請の場合は○
B33: 同一所在地において 行う事業等の種類 | F33: 今回の指定(更新・変更)申請をする対象事業等に○ | H33: 既に指定を受けている事業に○ | L33: 事業開始の 予定年月日 | R33: 本申請書に添付して提出する様式(付表)
E34: 共生型サービスの指定を申請するものに○
B35: 指定障害児通所支援事業所 | C35: 児童発達支援 | R35: 付表１
C36: 放課後等デイサービス | R36: 付表１
C37: 居宅訪問型児童発達支援 | R37: 付表２
C38: 保育所等訪問支援 | R38: 付表３
B39: 指定障害児入所施設 | R39: 付表４/５
A40: 【既に指定を受けている場合】事業所番号
A41: （裏）
A43: 1 | B43: 「法人等の種類」欄には、「社会福祉法人(社協以外)」、「社会福祉法人(社協)」、「医療法人」、「社団・財団」、「営利法人」、「非営利法人(ＮＰＯ)」、「農協」、「生協」、「その他法人」、「地方公共団体(都道府県)」、「地方公共団体(市町村)」、「地方公共団体(広域連合・一部事務組合等)」、「非法人」、「その他」のいずれかを記入してください。
A44: 2 | B44: 「同一所在地において行う事業等の種類」欄には、今回申請をする事業及び既に指定を受けている事業のそれぞれに「○」を記載してください。
A45: 3 | B45: 「【既に指定を受けている場合】事業所番号」欄には、申請を行う都道府県等において既に事業所としての指定を受け、番号が付番されている場合に、その事業所番号を記載してください。
A46: 4 | B46: 「事業の開始予定年月日」欄については、更新の場合にあっては、現に受けている指定の有効期間満了日を記載してください。

Sheet 付表１
A1: (表)
A2: 付表１ 児童発達支援事業所及び放課後等デイサービス事業所の指定に係る記載事項
A3: サービス種別(申請するものに○) | E3: 児童発達支援 | H3: 放課後等デイサービス
A4: 事業所 | B4: フリガナ
B5: 名 称
B6: 所在地 | C6: (郵便番号 | E6: - | G6: )
C7: 東京都品川区
B9: 連 絡 先 | C9: 電話番号 | G9: FAX
B10: E-Mail
A11: 管理者 | B11: フリガナ | F11: 生年月日
B12: 氏 名 | H12: 年 | J12: 月 | L12: 日
B13: 住 所 | C13: (郵便番号 | E13: - | G13: )
D14: 県 | F14: 市
B16: 他の事業所又は施設の従業者との兼務(兼務の場合記入) | D16: 事業所等の名称
D17: 兼務する職種及び勤務時間等
A19: 児童発達支援管理責任者 | B19: フリガナ | F19: 生年月日
B20: 氏 名 | H20: 年 | J20: 月 | L20: 日
B21: 住 所 | C21: (郵便番号 | E21: - | G21: )
D22: 県 | F22: 市
A24: 実施主体が地方公共団体である場合は、当該事業の実施について定めてある条例等 | H24: 第 条 第 項 第 号
A25: ○人員に関する基準の確認に必要な事項
A26: 従業者の職種・員数 | C26: 居宅介護等従業者 | E26: その他の従業者
C27: 専従 | D27: 兼務 | E27: 専従 | F27: 兼務
A28: 常勤(人)
A29: 非常勤(人)
A30: 常勤換算後の人数(人)
A31: 基準上の必要人数(人)
A32: ○運営・設備に関する基準の確認に必要な事項
A33: 利用定員(人)
A34: 利用者の推定数(人)
A35: 営業日(該当する日に○) | C35: 日 | D35: 月 | E35: 火 | F35: 水 | G35: 木 | H35: 金 | J35: 土 | L35: 祝
C37: その他(年末年始等)
A38: 営業時間 | C38: 平日 | E38: ： | G38: ～ | J38: ：
C39: 土曜 | E39: ： | G39: ～ | J39: ：
C40: 日・祝 | E40: ： | G40: ～ | J40: ：
A41: 送迎の有無 | C41: 有 | E41: 無
A42: 利用料
A43: その他の費用
A44: 通常の事業の実施地域
A45: 協力医療機関 | C45: 名称 | G45: 主な診療科名
A46: (裏)
A47: ○一体的に実施する従たる事業所の指定に係る記載事項
A48: 事業所 | B48: フリガナ
B49: 名 称
B50: 所在地 | C50: (郵便番号 | E50: - | G50: )
D51: 県 | F51: 市
B53: 連 絡 先 | C53: 電話番号 | G53: FAX
B54: E-Mail
A55: 管理者 | B55: フリガナ | F55: 生年月日
B56: 氏 名 | H56: 年 | J56: 月 | L56: 日
B57: 住 所 | C57: (郵便番号 | E57: - | G57: )
D58: 県 | F58: 市
B60: 他の事業所又は施設の従業者との兼務(兼務の場合記入) | D60: 事業所等の名称
D61: 兼務する職種及び勤務時間等
A63: 児童発達支援管理責任者 | B63: フリガナ | F63: 生年月日
B64: 氏 名 | H64: 年 | J64: 月 | L64: 日
B65: 住 所 | C65: (郵便番号 | E65: - | G65: )
D66: 県 | F66: 市
A68: 実施主体が地方公共団体である場合は、当該事業の実施について定めてある条例等 | H68: 第 条 第 項 第 号
A69: 利用定員(人)
A70: 利用者の推定数(人)
A71: 営業日(該当する日に○) | C71: 日 | D71: 月 | E71: 火 | F71: 水 | G71: 木 | H71: 金 | J71: 土 | L71: 祝
C73: その他(年末年始等)
A74: 営業時間 | C74: 平日 | E74: ： | G74: ～ | J74: ：
C75: 土曜 | E75: ： | G75: ～ | J75: ：
C76: 日・祝 | E76: ： | G76: ～ | J76: ：
A77: 送迎の有無 | C77: 有 | E77: 無
A78: 利用料
A79: その他の費用
A80: 通常の事業の実施地域
A81: 協力医療機関 | C81: 名称 | G81: 主な診療科名
A82: (備考)
A83: １．記入欄が不足する場合は、次頁の「記入欄不足時の資料」に記載して添付してください。
A84: ２．更新の場合には、「利用者の推定数」欄は前年度の平均利用者数を記入してください。
A85: ３．「その他の費用」欄には、利用者に直接金銭の負担を求める場合のサービス内容についても記載してく ださい。
A86: 記入欄不足時の資料
A87: ■児童発達支援管理責任者
A88: 児童発達支援管理責任者 | B88: フリガナ | F88: 生年月日
B89: 氏 名 | H89: 年 | J89: 月 | L89: 日
B90: 住 所 | C90: (郵便番号 | E90: - | G90: )
D91: 県 | F91: 市
B93: フリガナ | F93: 生年月日
B94: 氏 名 | H94: 年 | J94: 月 | L94: 日
B95: 住 所 | C95: (郵便番号 | E95: - | G95: )
D96: 県 | F96: 市
B98: フリガナ | F98: 生年月日
B99: 氏 名 | H99: 年 | J99: 月 | L99: 日
B100: 住 所 | C100: (郵便番号 | E100: - | G100: )
D101: 県 | F101: 市
B103: フリガナ | F103: 生年月日
B104: 氏 名 | H104: 年 | J104: 月 | L104: 日
B105: 住 所 | C105: (郵便番号 | E105: - | G105: )
D106: 県 | F106: 市
B108: フリガナ | F108: 生年月日
B109: 氏 名 | H109: 年 | J109: 月 | L109: 日
B110: 住 所 | C110: (郵便番号 | E110: - | G110: )
D111: 県 | F111: 市
B113: フリガナ | F113: 生年月日
B114: 氏 名 | H114: 年 | J114: 月 | L114: 日
B115: 住 所 | C115: (郵便番号 | E115: - | G115: )
...

Sheet 付表２
A1: 付表２ 居宅訪問型児童発達支援事業所の指定に係る記載事項
A2: 事業所 | B2: フリガナ
B3: 名 称
B4: 所在地 | C4: (郵便番号 | E4: - | G4: )
C5: 東京都品川区
B7: 連 絡 先 | C7: 電話番号 | G7: FAX
B8: E-Mail
A9: 管理者 | B9: フリガナ | F9: 生年月日
B10: 氏 名 | H10: 年 | J10: 月 | L10: 日
B11: 住 所 | C11: (郵便番号 | E11: - | G11: )
D12: 県 | F12: 市
B14: 他の事業所又は施設の従業者との兼務(兼務の場合記入) | D14: 事業所等の名称
D15: 兼務する職種及び勤務時間等
A17: 児童発達支援管理責任者 | B17: フリガナ | F17: 生年月日
B18: 氏 名 | H18: 年 | J18: 月 | L18: 日
B19: 住 所 | C19: (郵便番号 | E19: - | G19: )
D20: 県 | F20: 市
A22: 実施主体が地方公共団体である場合は、当該事業の実施について定めてある条例等 | H22: 第 条 第 項 第 号
A23: ○人員に関する基準の確認に必要な事項
A24: 従業者の職種・員数 | C24: 居宅介護等従業者 | E24: その他の従業者
C25: 専従 | D25: 兼務 | E25: 専従 | F25: 兼務
A26: 常勤(人)
A27: 非常勤(人)
A28: 常勤換算後の人数(人)
A29: 基準上の必要人数(人)
A30: ○運営・設備に関する基準の確認に必要な事項
A31: 専用の区画の有無 | C31: 有 | E31: 無
A32: 営業日(該当する日に○) | C32: 日 | D32: 月 | E32: 火 | F32: 水 | G32: 木 | H32: 金 | J32: 土 | L32: 祝
C34: その他(年末年始等)
A35: 営業時間 | C35: 平日 | E35: ： | G35: ～ | J35: ：
C36: 土曜 | E36: ： | G36: ～ | J36: ：
C37: 日・祝 | E37: ： | G37: ～ | J37: ：
A38: 利用料
A39: その他の費用
A40: 通常の事業の実施地域
A41: 協力医療機関 | C41: 名称 | G41: 主な診療科名
A42: (備考)
A43: １．記入欄が不足する場合は、次頁の「記入欄不足時の資料」に記載して添付してください。
A44: ２．「その他の費用」欄には、利用者に直接金銭の負担を求める場合のサービス内容についても記載してく ださい。
A45: 記入欄不足時の資料
A46: ■児童発達支援管理責任者
A47: 児童発達支援管理責任者 | B47: フリガナ | F47: 生年月日
B48: 氏 名 | H48: 年 | J48: 月 | L48: 日
B49: 住 所 | C49: (郵便番号 | E49: - | G49: )
D50: 県 | F50: 市
B52: フリガナ | F52: 生年月日
B53: 氏 名 | H53: 年 | J53: 月 | L53: 日
B54: 住 所 | C54: (郵便番号 | E54: - | G54: )
D55: 県 | F55: 市
B57: フリガナ | F57: 生年月日
B58: 氏 名 | H58: 年 | J58: 月 | L58: 日
B59: 住 所 | C59: (郵便番号 | E59: - | G59: )
D60: 県 | F60: 市
B62: フリガナ | F62: 生年月日
B63: 氏 名 | H63: 年 | J63: 月 | L63: 日
B64: 住 所 | C64: (郵便番号 | E64: - | G64: )
D65: 県 | F65: 市
B67: フリガナ | F67: 生年月日
B68: 氏 名 | H68: 年 | J68: 月 | L68: 日
B69: 住 所 | C69: (郵便番号 | E69: - | G69: )
D70: 県 | F70: 市
B72: フリガナ | F72: 生年月日
B73: 氏 名 | H73: 年 | J73: 月 | L73: 日
B74: 住 所 | C74: (郵便番号 | E74: - | G74: )
D75: 県 | F75: 市

Sheet 付表３
A1: 付表 ３ 保育所等訪問支援事業所の指定に係る記載事項
A2: 事業所 | B2: フリガナ
B3: 名 称
B4: 所在地 | C4: (郵便番号 | E4: - | G4: )
C5: 東京都品川区
B7: 連 絡 先 | C7: 電話番号 | G7: FAX
B8: E-Mail
A9: 管理者 | B9: フリガナ | F9: 生年月日
B10: 氏 名 | H10: 年 | J10: 月 | L10: 日
B11: 住 所 | C11: (郵便番号 | E11: - | G11: )
D12: 県 | F12: 市
B14: 他の事業所又は施設の従業者との兼務(兼務の場合記入) | D14: 事業所等の名称
D15: 兼務する職種及び勤務時間等
A17: 児童発達支援管理責任者 | B17: フリガナ | F17: 生年月日
B18: 氏 名 | H18: 年 | J18: 月 | L18: 日
B19: 住 所 | C19: (郵便番号 | E19: - | G19: )
D20: 県 | F20: 市
A22: 実施主体が地方公共団体である場合は、当該事業の実施について定めてある条例等 | H22: 第 条 第 項 第 号
A23: ○人員に関する基準の確認に必要な事項
A24: 従業者の職種・員数 | C24: 居宅介護等従業者 | E24: その他の従業者
C25: 専従 | D25: 兼務 | E25: 専従 | F25: 兼務
A26: 常勤(人)
A27: 非常勤(人)
A28: 常勤換算後の人数(人)
A29: 基準上の必要人数(人)
A30: ○運営・設備に関する基準の確認に必要な事項
A31: 営業日(該当する日に○) | C31: 日 | D31: 月 | E31: 火 | F31: 水 | G31: 木 | H31: 金 | J31: 土 | L31: 祝
C33: その他(年末年始等)
A34: 営業時間 | C34: 平日 | E34: ： | G34: ～ | J34: ：
C35: 土曜 | E35: ： | G35: ～ | J35: ：
C36: 日・祝 | E36: ： | G36: ～ | J36: ：
A37: 利用料
A38: その他の費用
A39: 通常の事業の実施地域
A40: (備考)
A41: １．記入欄が不足する場合は、次頁の「記入欄不足時の資料」に記載して添付してください。
A42: ２．「その他の費用」欄には、利用者に直接金銭の負担を求める場合のサービス内容についても記載してく ださい。
A43: 記入欄不足時の資料
A44: ■児童発達支援管理責任者
A45: 児童発達支援管理責任者 | B45: フリガナ | F45: 生年月日
B46: 氏 名 | H46: 年 | J46: 月 | L46: 日
B47: 住 所 | C47: (郵便番号 | E47: - | G47: )
D48: 県 | F48: 市
B50: フリガナ | F50: 生年月日
B51: 氏 名 | H51: 年 | J51: 月 | L51: 日
B52: 住 所 | C52: (郵便番号 | E52: - | G52: )
D53: 県 | F53: 市
B55: フリガナ | F55: 生年月日
B56: 氏 名 | H56: 年 | J56: 月 | L56: 日
B57: 住 所 | C57: (郵便番号 | E57: - | G57: )
D58: 県 | F58: 市
B60: フリガナ | F60: 生年月日
B61: 氏 名 | H61: 年 | J61: 月 | L61: 日
B62: 住 所 | C62: (郵便番号 | E62: - | G62: )
D63: 県 | F63: 市
B65: フリガナ | F65: 生年月日
B66: 氏 名 | H66: 年 | J66: 月 | L66: 日
B67: 住 所 | C67: (郵便番号 | E67: - | G67: )
D68: 県 | F68: 市
B70: フリガナ | F70: 生年月日
B71: 氏 名 | H71: 年 | J71: 月 | L71: 日
B72: 住 所 | C72: (郵便番号 | E72: - | G72: )
D73: 県 | F73: 市

Sheet （加算）体制状況一覧
A1: 障害児通所・入所給付費の算定に係る体制等状況一覧表
A3: 提供サービス | J3: 特例による指定の有無 | O3: 定員規模 （※1） | S3: 施設等区分 | Z3: 主たる障害種別 | AG3: その他該当する体制等
BJ4: 適用開始日
A5: 各サービス共通 | AG5: 地域区分 | AQ5: 11．一級地 12．二級地 13．三級地 14．四級地 15．五級地 16．六級地 17．七級地 23．その他
A6: 障害児通所給付費 | B6: 児童発達支援 | S6: １．児童発達支援センター ２．児童発達支援センター以外 | Z6: １．重症心身障害以外 ２．重症心身障害 | AG6: 未就学児等支援区分 | AQ6: １．非該当 ２．Ⅰ ３．Ⅱ
AG7: 定員超過 | AQ7: １．なし ２．あり
AG8: 職員欠如 | AQ8: １．なし ２．あり
AG9: 児童発達支援管理責任者欠如 | AQ9: １．なし ２．あり
AG10: 開所時間減算 | AQ10: １．なし ２．あり
AG11: 開所時間減算区分（※2） | AQ11: １．４時間未満 ２．４時間以上６時間未満
AG12: 自己評価結果等未公表減算 | AQ12: １．なし ２．あり
AG13: 支援プログラム未公表減算 | AQ13: １．なし ２．あり
AG14: 身体拘束廃止未実施 | AQ14: １．なし ２．あり
AG15: 虐待防止措置未実施 | AQ15: １．なし ２．あり
AG16: 業務継続計画未策定 | AQ16: １．なし ２．あり
AG17: 情報公表未報告 | AQ17: １．なし ２．あり
AG18: 児童指導員等加配体制 | AQ18: １．なし ４．その他従業者 ６．常勤専従（経験５年以上） ７．常勤専従（経験５年未満） ８．常勤換算（経験５年以上） ９．常勤換算（経験５年未満）
... AG41: 経過措置対象区分 | AQ41: １．非該当 ２．該当
B42: 旧医療型 児童発達支援 | S42: １．医療型児童発達支援 センター ２．指定発達支援医療機関 | AG42: 定員超過 | AQ42: １．なし ２．あり
AG43: 開所時間減算 | AQ43: １．なし ２．あり
AG44: 開所時間減算区分（※2） | AQ44: １．４時間未満 ２．４時間以上６時間未満
AG45: 支援プログラム未公表減算 | AQ45: １．なし ２．あり
AG46: 身体拘束廃止未実施 | AQ46: １．なし ２．あり
AG47: 虐待防止措置未実施 | AQ47: １．なし ２．あり
AG48: 業務継続計画未策定 | AQ48: １．なし ２．あり
AG49: 情報公表未報告 | AQ49: １．なし ２．あり
AG50: 福祉専門職員配置等 | AQ50: １．なし ３．Ⅱ ４．Ⅲ ５．Ⅰ
AG51: 食事提供加算区分 | AQ51: １．非該当 ２．Ⅰ ３．Ⅱ
AG52: 送迎体制（重度） | AQ52: １．なし ２．あり
AG53: 送迎体制（医ケア） | AQ53: １．なし ２．あり
AG54: 入浴支援体制 | AQ54: １．なし ２．あり
... AG60: 地域生活支援拠点等 | AQ60: １．非該当 ２．該当
B61: 放課後等デイサービス | AG61: 定員超過 | AQ61: １．なし ２．あり
AG62: 開所時間減算 | AQ62: １．なし ２．あり
AG63: 開所時間減算区分（※2） | AQ63: １．４時間未満 ２．４時間以上６時間未満
AG64: 職員欠如 | AQ64: １．なし ２．あり
AG65: 児童発達支援管理責任者欠如 | AQ65: １．なし ２．あり
AG66: 自己評価結果等未公表減算 | AQ66: １．なし ２．あり
AG67: 支援プログラム未公表減算 | AQ67: １．なし ２．あり
AG68: 身体拘束廃止未実施 | AQ68: １．なし ２．あり
AG69: 虐待防止措置未実施 | AQ69: １．なし ２．あり
AG70: 業務継続計画未策定 | AQ70: １．なし ２．あり
AG71: 情報公表未報告 | AQ71: １．なし ２．あり
AG72: 児童指導員等加配体制 | AQ72: １．なし ４．その他従業者 ６．常勤専従（経験５年以上） ７．常勤専従（経験５年未満） ８．常勤換算（経験５年以上） ９．常勤換算（経験５年未満）
AG73: 看護職員加配体制（重度） | AQ73: １．なし ２．Ⅰ ３．Ⅱ
... AG91: 地域生活支援拠点等 | AQ91: １．非該当 ２．該当
B92: 保育所等訪問支援 | AG92: 訪問支援員特別体制 | AQ92: １．なし ２．あり
AG93: 児童発達支援管理責任者欠如 | AQ93: １．なし ２．あり
AG94: 自己評価結果等未公表減算 | AQ94: １．なし ２．あり
AG95: 身体拘束廃止未実施 | AQ95: １．なし ２．あり
AG96: 虐待防止措置未実施 | AQ96: １．なし ２．あり
AG97: 業務継続計画未策定（※8） | AQ97: １．なし ２．あり
AG98: 情報公表未報告 | AQ98: １．なし ２．あり
AG99: 多職種連携支援体制 | AQ99: １．なし ２．あり
AG100: 強度行動障害加算体制 | AQ100: １．なし ２．あり
AG101: 福祉・介護職員等処遇改善加算対象（※9） | AQ101: １．なし ２．Ⅰ ４．Ⅲ ５．Ⅳ ６．Ⅴ
AG102: 福祉・介護職員等処遇改善加算（Ⅴ）区分（※10） | AQ102: １．Ｖ（１） ２．Ｖ（２） ５．Ｖ（５） ７．Ｖ（７） ８．Ｖ（８） １０．Ｖ（１０） １１．Ｖ（１１） １３．Ｖ（１３） １４．Ｖ（１４）
AG103: 指定管理者制度適用区分 | AQ103: １．非該当 ２．該当
AG104: 地域生活支援拠点等 | AQ104: １．非該当 ２．該当
B105: 居宅訪問型 児童発達支援 | AG105: 訪問支援員特別体制 | AQ105: １．なし ２．あり
AG106: 児童発達支援管理責任者欠如 | AQ106: １．なし ２．あり
AG107: 支援プログラム未公表減算 | AQ107: １．なし ２．あり
AG108: 身体拘束廃止未実施 | AQ108: １．なし ２．あり
AG109: 虐待防止措置未実施 | AQ109: １．なし ２．あり
AG110: 業務継続計画未策定（※8） | AQ110: １．なし ２．あり
AG111: 情報公表未報告 | AQ111: １．なし ２．あり
AG112: 多職種連携支援体制 | AQ112: １．なし ２．あり
AG113: 強度行動障害加算体制 | AQ113: １．なし ２．あり
AG114: 福祉・介護職員等処遇改善加算対象（※9） | AQ114: １．なし ２．Ⅰ ４．Ⅲ ５．Ⅳ ６．Ⅴ
AG115: 福祉・介護職員等処遇改善加算（Ⅴ）区分（※10） | AQ115: １．Ｖ（１） ２．Ｖ（２） ５．Ｖ（５） ７．Ｖ（７） ８．Ｖ（８） １０．Ｖ（１０） １１．Ｖ（１１） １３．Ｖ（１３） １４．Ｖ（１４）
AG116: 指定管理者制度適用区分 | AQ116: １．非該当 ２．該当
AG117: 地域生活支援拠点等 | AQ117: １．非該当 ２．該当
A118: 障害児入所給付費 | B118: 福祉型障害児 入所施設 | S118: １．当該施設が単独施設 ２．当該施設に併設する 施設が主たる施設 ３．当該施設が主たる施設 | Z118: １．知的障害児 ２．自閉症児 ３．盲児 ４．ろうあ児 ５．肢体不自由児 | AG118: 重度障害児入所棟設置（知的・自閉）（※5） | AQ118: １．なし ２．あり
AG119: 重度肢体不自由児入所棟設置（※5） | AQ119: １．なし ２．あり
AG120: 定員超過 | AQ120: １．なし ２．あり
AG121: 身体拘束廃止未実施 | AQ121: １．なし ２．あり
AG122: 虐待防止措置未実施 | AQ122: １．なし ２．あり
AG123: 業務継続計画未策定 | AQ123: １．なし ２．あり
AG124: 情報公表未報告 | AQ124: １．なし ２．あり
AG125: 日中活動支援体制 | AQ125: １．なし ２．あり
AG126: 重度障害児支援（強度行動障害） | AQ126: １．なし ２．あり
AG127: 強度行動障害加算体制 | AQ127: １．なし ３．Ⅰ ４．Ⅱ
AG128: 心理担当職員配置体制（※6） | AQ128: １．なし ２．Ⅰ ３．Ⅱ
AG129: 看護職員配置体制 | AQ129: １．なし ２．Ⅰ ３．Ⅱ
AG130: 児童指導員等加配体制 | AQ130: １．なし ２．専門職員（理学療法士等） ３．児童指導員等
... AG143: 障害者支援施設等感染対策向上体制 | AQ143: １．なし ２．Ⅰ ３．Ⅱ ４．Ⅰ・Ⅱ
B144: 医療型障害児 入所施設 | S144: １．医療型障害児入所施設 ２．指定発達支援医療機関 | AG144: 重度障害児入所棟設置（知的・自閉）（※5） | AQ144: １．なし ２．あり
AG145: 重度肢体不自由児入所棟設置（※5） | AQ145: １．なし ２．あり
AG146: 定員超過 | AQ146: １．なし ２．あり
AG147: 身体拘束廃止未実施 | AQ147: １．なし ２．あり
AG148: 虐待防止措置未実施 | AQ148: １．なし ２．あり
AG149: 業務継続計画未策定 | AQ149: １．なし ２．あり
AG150: 情報公表未報告 | AQ150: １．なし ２．あり
AG151: 重度障害児支援 | AQ151: １．なし ２．あり
AG152: 強度行動障害加算体制 | AQ152: １．なし ３．Ⅰ ４．Ⅱ
AG153: 心理担当職員配置体制（※6） | AQ153: １．なし ２．Ⅰ ３．Ⅱ
AG154: 自活訓練体制（Ⅰ） | AQ154: １．なし ２．あり
AG155: 自活訓練体制（Ⅱ） | AQ155: １．なし ２．あり
AG156: 福祉専門職員配置等 | AQ156: １．なし ３．Ⅱ ４．Ⅲ ５．Ⅰ
... AG164: 地域生活支援拠点等 | AQ164: １．非該当 ２．該当
...

Sheet （加算）体制等に関する届出書
A2: 障害児（通所・入所）給付費算定に係る体制等に関する届出書
AG4: 令和 年 月 日
B6: 品川区長 あて
N8: 届出者 | Q8: 所 在 地
Q9: 事業者名
Q10: 代表者名
A13: このことについて、関係書類を添えて以下のとおり届け出ます。
A15: 届出者 | B15: フリガナ
B16: 名称
B17: 主たる事務所 の所在地 | J17: （郵便番号 － ）
B21: 連絡先 | J21: 電話番号 | X21: ＦＡＸ番号
B22: 法人の種別 | U22: 法人所轄庁
B23: 代表者の職・氏名 | J23: 職名 | X23: 氏名
B24: 代表者の住所 | J24: （郵便番号 － ）
A28: 施設の状況 | B28: 主たる事業所の所在地 | J28: （郵便番号 － ）
B32: 連絡先 | J32: 電話番号 | X32: ＦＡＸ番号
B33: 管理者の氏名 | J33: 職名 | O33: 管理者 | X33: 氏名
B34: 管理者の住所 | J34: （郵便番号 － ）
A38: （裏面有り）
A39: (裏面）
A42: （通所・入所）支援の種類 | L42: 指定年月日 | R42: 異動等の区分 | Y42: 異動年月日 | AF42: 異動項目 （※変更の場合）
A46: 特記事項 | B46: 変更前 | T46: 変更後
A49: 関係書類 | J49: 別紙のとおり
A50: 注１ 「法人の種別欄」は、申請者が法人である場合に、「社会福祉法人」、「医療法人」、「社団法人」、 「財団法人」、「株式会社」、「有限会社」等の別を記入してください。
A52: 注２ 「法人所轄庁」欄は、申請者が認可法人である場合に、その主務官庁の名称を記載してください。
A53: 注３ 「異動等の区分」欄は、今回届出を行う事業所・施設について該当する数字に「○」を記入してください。
A54: 注４ 「異動項目」欄は、（別紙１）「障害児（通所・入所）給付費等の算定に係る体制等状況一覧表」に掲げる項目を 記載してください。
A55: 注５ 「特記事項」欄は、異動の状況について具体的に記載してください。

Sheet 参考様式1_勤務形態一覧表（児童発達支援・放課後デイサービス）
A1: 従業者の勤務の体制及び勤務形態一覧表 | AI1: サービス種別 | AK1: 児童発達支援・放課後等デイサービス
M2: 2024 | Q2: 年 | U2: 月 | AI2: 事業所名
AI3: (1)記載する期間
AI4: (2)予定/実績の別
AI5: (2)-2 定員
AG6: (3)事業所における常勤の従業者が勤務すべき時間数 | AK6: 時間/週 | AM6: 時間/月
A8: No. | B8: (4)職種 | C8: (5)勤務形態 | D8: (6)資格 | E8: (7)氏名 | F8: (8) | AK8: (9)勤務時間数合計 | AL8: (10)週平均の勤務時間数 | AM8: (11)兼務状況 （兼務先／兼務する職務の内容）等
F9: 第１週 | M9: 第２週 | T9: 第３週 | AA9: 第４週 | AH9: 第５週
F10: =DATE($M$2,$S$2,1) -> 45261 | G10: =DATE($M$2,$S$2,2) -> 45262 | H10: =DATE($M$2,$S$2,3) -> 45263 | I10: =DATE($M$2,$S$2,4) -> 45264 | J10: =DATE($M$2,$S$2,5) -> 45265 | K10: =DATE($M$2,$S$2,6) -> 45266 | L10: =DATE($M$2,$S$2,7) -> 45267 | M10: =DATE($M$2,$S$2,8) -> 45268 | N10: =DATE($M$2,$S$2,9) -> 45269 | O10: =DATE($M$2,$S$2,10) -> 45270 | P10: =DATE($M$2,$S$2,11) -> 45271 | Q10: =DATE($M$2,$S$2,12) -> 45272 | R10: =DATE($M$2,$S$2,13) -> 45273 | S10: =DATE($M$2,$S$2,14) -> 45274 | T10: =DATE($M$2,$S$2,15) -> 45275 | U10: =DATE($M$2,$S$2,16) -> 45276 | V10: =DATE($M$2,$S$2,17) -> 45277 | W10: =DATE($M$2,$S$2,18) -> 45278 | X10: =DATE($M$2,$S$2,19) -> 45279 | Y10: =DATE($M$2,$S$2,20) -> 45280 | Z10: =DATE($M$2,$S$2,21) -> 45281 | AA10: =DATE($M$2,$S$2,22) -> 45282 | AB10: =DATE($M$2,$S$2,23) -> 45283 | AC10: =DATE($M$2,$S$2,24) -> 45284 | AD10: =DATE($M$2,$S$2,25) -> 45285 | AE10: =DATE($M$2,$S$2,26) -> 45286 | AF10: =DATE($M$2,$S$2,27) -> 45287 | AG10: =DATE($M$2,$S$2,28) -> 45288 | AH10: =IF(DAY(EOMONTH(F10,0))<29,"",DATE($M$2,$S$2,29)) -> 45289 | AI10: =IF(DAY(EOMONTH(F10,0))<30,"",DATE($M$2,$S$2,30)) -> 45290 | AJ10: =IF(DAY(EOMONTH(F10,0))<31,"",DATE($M$2,$S$2,31)) -> 45291
F11: =DATE($M$2,$S$2,1) -> 45261 | G11: =DATE($M$2,$S$2,2) -> 45262 | H11: =DATE($M$2,$S$2,3) -> 45263 | I11: =DATE($M$2,$S$2,4) -> 45264 | J11: =DATE($M$2,$S$2,5) -> 45265 | K11: =DATE($M$2,$S$2,6) -> 45266 | L11: =DATE($M$2,$S$2,7) -> 45267 | M11: =DATE($M$2,$S$2,8) -> 45268 | N11: =DATE($M$2,$S$2,9) -> 45269 | O11: =DATE($M$2,$S$2,10) -> 45270 | P11: =DATE($M$2,$S$2,11) -> 45271 | Q11: =DATE($M$2,$S$2,12) -> 45272 | R11: =DATE($M$2,$S$2,13) -> 45273 | S11: =DATE($M$2,$S$2,14) -> 45274 | T11: =DATE($M$2,$S$2,15) -> 45275 | U11: =DATE($M$2,$S$2,16) -> 45276 | V11: =DATE($M$2,$S$2,17) -> 45277 | W11: =DATE($M$2,$S$2,18) -> 45278 | X11: =DATE($M$2,$S$2,19) -> 45279 | Y11: =DATE($M$2,$S$2,20) -> 45280 | Z11: =DATE($M$2,$S$2,21) -> 45281 | AA11: =DATE($M$2,$S$2,22) -> 45282 | AB11: =DATE($M$2,$S$2,23) -> 45283 | AC11: =DATE($M$2,$S$2,24) -> 45284 | AD11: =DATE($M$2,$S$2,25) -> 45285 | AE11: =DATE($M$2,$S$2,26) -> 45286 | AF11: =DATE($M$2,$S$2,27) -> 45287 | AG11: =DATE($M$2,$S$2,28) -> 45288 | AH11: =IF(DAY(EOMONTH(F11,0))<29,"",DATE($M$2,$S$2,29)) -> 45289 | AI11: =IF(DAY(EOMONTH(F11,0))<30,"",DATE($M$2,$S$2,30)) -> 45290 | AJ11: =IF(DAY(EOMONTH(F11,0))<31,"",DATE($M$2,$S$2,31)) -> 45291
A12: 1 | B12: 管理者 | C12: A | E12: A | AK12: =+SUM(F12:AJ12) -> 0 | AL12: =IF($AK$3="４週",AK12/4,AK12/(DAY(EOMONTH($F$10,0))/7)) -> 0
A13: 2 | B13: 児童発達支援管理責任者 | C13: B | E13: B | AK13: =+SUM(F13:AJ13) -> 0 | AL13: =IF($AK$3="４週",AK13/4,AK13/(DAY(EOMONTH($F$10,0))/7)) -> 0
A14: 3 | C14: C | E14: C | AK14: =+SUM(F14:AJ14) -> 0 | AL14: =IF($AK$3="４週",AK14/4,AK14/(DAY(EOMONTH($F$10,0))/7)) -> 0
A15: 4 | C15: D | E15: D | AK15: =+SUM(F15:AJ15) -> 0 | AL15: =IF($AK$3="４週",AK15/4,AK15/(DAY(EOMONTH($F$10,0))/7)) -> 0
A16: 5 | AK16: =+SUM(F16:AJ16) -> 0 | AL16: =IF($AK$3="４週",AK16/4,AK16/(DAY(EOMONTH($F$10,0))/7)) -> 0
A17: 6 | AK17: =+SUM(F17:AJ17) -> 0 | AL17: =IF($AK$3="４週",AK17/4,AK17/(DAY(EOMONTH($F$10,0))/7)) -> 0
A18: 7 | AK18: =+SUM(F18:AJ18) -> 0 | AL18: =IF($AK$3="４週",AK18/4,AK18/(DAY(EOMONTH($F$10,0))/7)) -> 0
A19: 8 | AK19: =+SUM(F19:AJ19) -> 0 | AL19: =IF($AK$3="４週",AK19/4,AK19/(DAY(EOMONTH($F$10,0))/7)) -> 0
A20: 9 | AK20: =+SUM(F20:AJ20) -> 0 | AL20: =IF($AK$3="４週",AK20/4,AK20/(DAY(EOMONTH($F$10,0))/7)) -> 0
A21: 10 | AK21: =+SUM(F21:AJ21) -> 0 | AL21: =IF($AK$3="４週",AK21/4,AK21/(DAY(EOMONTH($F$10,0))/7)) -> 0
A22: 11 | AK22: =+SUM(F22:AJ22) -> 0 | AL22: =IF($AK$3="４週",AK22/4,AK22/(DAY(EOMONTH($F$10,0))/7)) -> 0
A23: 12 | AK23: =+SUM(F23:AJ23) -> 0 | AL23: =IF($AK$3="４週",AK23/4,AK23/(DAY(EOMONTH($F$10,0))/7)) -> 0
A24: 13 | AK24: =+SUM(F24:AJ24) -> 0 | AL24: =IF($AK$3="４週",AK24/4,AK24/(DAY(EOMONTH($F$10,0))/7)) -> 0
A25: 14 | AK25: =+SUM(F25:AJ25) -> 0 | AL25: =IF($AK$3="４週",AK25/4,AK25/(DAY(EOMONTH($F$10,0))/7)) -> 0
A26: 15 | AK26: =+SUM(F26:AJ26) -> 0 | AL26: =IF($AK$3="４週",AK26/4,AK26/(DAY(EOMONTH($F$10,0))/7)) -> 0
A27: 16 | AK27: =+SUM(F27:AJ27) -> 0 | AL27: =IF($AK$3="４週",AK27/4,AK27/(DAY(EOMONTH($F$10,0))/7)) -> 0
... A31: 20 | AK31: =+SUM(F31:AJ31) -> 0 | AL31: =IF($AK$3="４週",AK31/4,AK31/(DAY(EOMONTH($F$10,0))/7)) -> 0
A32: 合計 | F32: =+SUM(F12:F31) -> 0 | G32: =+SUM(G12:G31) -> 0 | H32: =+SUM(H12:H31) -> 0 | I32: =+SUM(I12:I31) -> 0 | J32: =+SUM(J12:J31) -> 0 | K32: =+SUM(K12:K31) -> 0 | L32: =+SUM(L12:L31) -> 0 | M32: =+SUM(M12:M31) -> 0 | ... AJ32: =+SUM(AJ12:AJ31) -> 0 | AK32: =+SUM(F32:AJ32) -> 0 | AL32: =IF($AK$3="４週",AK32/4,AK32/(DAY(EOMONTH($F$10,0))/7)) -> 0
A33: サービス提供時間
A38: ＜実人数集計＞
C39: =IF(VLOOKUP($AK$1,選択肢!$A$1:$J$8,C44,FALSE)=0,"-",VLOOKUP($AK$1,選択肢!$A$1:$J$8,C44,FALSE)) -> 管理者 | E39: =IF(VLOOKUP($AK$1,選択肢!$A$1:$J$8,E44,FALSE)=0,"-",VLOOKUP($AK$1,選択肢!$A$1:$J$8,E44,FALSE)) -> 児童発達支援管理責任者 | I39: =IF(VLOOKUP($AK$1,選択肢!$A$1:$J$8,I44,FALSE)=0,"-",VLOOKUP($AK$1,選択肢!$A$1:$J$8,I44,FALSE)) -> 児童指導員 | O39: =IF(VLOOKUP($AK$1,選択肢!$A$1:$J$8,O44,FALSE)=0,"-",VLOOKUP($AK$1,選択肢!$A$1:$J$8,O44,FALSE)) -> 保育士 | U39: =IF(VLOOKUP($AK$1,選択肢!$A$1:$J$8,U44,FALSE)=0,"-",VLOOKUP($AK$1,選択肢!$A$1:$J$8,U44,FALSE)) -> 機能訓練担当職員 | AA39: =IF(VLOOKUP($AK$1,選択肢!$A$1:$J$8,AA44,FALSE)=0,"-",VLOOKUP($AK$1,選択肢!$A$1:$J$8,AA44,FALSE)) -> 看護職員 | AG39: =IF(VLOOKUP($AK$1,選択肢!$A$1:$J$8,AG44,FALSE)=0,"-",VLOOKUP($AK$1,選択肢!$A$1:$J$8,AG44,FALSE)) -> その他職員 | AL39: =IF(VLOOKUP($AK$1,選択肢!$A$1:$J$8,AL44,FALSE)=0,"-",VLOOKUP($AK$1,選択肢!$A$1:$J$8,AL44,FALSE)) -> -
C40: 専従 | D40: 兼務 | E40: 専従 | F40: 兼務 | I40: 専従 | L40: 兼務 | O40: 専従 | R40: 兼務 | U40: 専従 | X40: 兼務 | AA40: 専従 | AD40: 兼務 | AG40: 専従 | AJ40: 兼務 | AL40: 専従 | AM40: 兼務
B41: 常勤 | C41: =COUNTIFS($B$12:$B$31,C$39,$C$12:$C$31,"A",$E$12:$E$31,"*") -> 1 | D41: =COUNTIFS($B$12:$B$31,C$39,$C$12:$C$31,"B",$E$12:$E$31,"*") -> 0 | E41: =COUNTIFS($B$12:$B$31,E$39,$C$12:$C$31,"A",$E$12:$E$31,"*") -> 0 | F41: =COUNTIFS($B$12:$B$31,E$39,$C$12:$C$31,"B",$E$12:$E$31,"*") -> 1 | I41: =COUNTIFS($B$12:$B$31,I$39,$C$12:$C$31,"A",$E$12:$E$31,"*") -> 0 | L41: =COUNTIFS($B$12:$B$31,I$39,$C$12:$C$31,"B",$E$12:$E$31,"*") -> 0 | O41: =COUNTIFS($B$12:$B$31,O$39,$C$12:$C$31,"A",$E$12:$E$31,"*") -> 0 | R41: =COUNTIFS($B$12:$B$31,O$39,$C$12:$C$31,"B",$E$12:$E$31,"*") -> 0 | U41: =COUNTIFS($B$12:$B$31,U$39,$C$12:$C$31,"A",$E$12:$E$31,"*") -> 0 | X41: =COUNTIFS($B$12:$B$31,U$39,$C$12:$C$31,"B",$E$12:$E$31,"*") -> 0 | AA41: =COUNTIFS($B$12:$B$31,AA$39,$C$12:$C$31,"A",$E$12:$E$31,"*") -> 0 | AD41: =COUNTIFS($B$12:$B$31,AA$39,$C$12:$C$31,"B",$E$12:$E$31,"*") -> 0 | AG41: =COUNTIFS($B$12:$B$31,AG$39,$C$12:$C$31,"A",$E$12:$E$31,"*") -> 0 | AJ41: =COUNTIFS($B$12:$B$31,AG$39,$C$12:$C$31,"B",$E$12:$E$31,"*") -> 0 | AL41: =COUNTIFS($B$12:$B$31,AL$39,$C$12:$C$31,"A",$E$12:$E$31,"*") -> 0 | AM41: =COUNTIFS($B$12:$B$31,AL$39,$C$12:$C$31,"B",$E$12:$E$31,"*") -> 0
B42: 非常勤 | C42: =COUNTIFS($B$12:$B$31,C$39,$C$12:$C$31,"C",$E$12:$E$31,"*") -> 0 | D42: =COUNTIFS($B$12:$B$31,C$39,$C$12:$C$31,"D",$E$12:$E$31,"*") -> 0 | E42: =COUNTIFS($B$12:$B$31,E$39,$C$12:$C$31,"C",$E$12:$E$31,"*") -> 0 | F42: =COUNTIFS($B$12:$B$31,E$39,$C$12:$C$31,"D",$E$12:$E$31,"*") -> 0 | I42: =COUNTIFS($B$12:$B$31,I$39,$C$12:$C$31,"C",$E$12:$E$31,"*") -> 0 | L42: =COUNTIFS($B$12:$B$31,I$39,$C$12:$C$31,"D",$E$12:$E$31,"*") -> 0 | O42: =COUNTIFS($B$12:$B$31,O$39,$C$12:$C$31,"C",$E$12:$E$31,"*") -> 0 | R42: =COUNTIFS($B$12:$B$31,O$39,$C$12:$C$31,"D",$E$12:$E$31,"*") -> 0 | U42: =COUNTIFS($B$12:$B$31,U$39,$C$12:$C$31,"C",$E$12:$E$31,"*") -> 0 | X42: =COUNTIFS($B$12:$B$31,U$39,$C$12:$C$31,"D",$E$12:$E$31,"*") -> 0 | AA42: =COUNTIFS($B$12:$B$31,AA$39,$C$12:$C$31,"C",$E$12:$E$31,"*") -> 0 | AD42: =COUNTIFS($B$12:$B$31,AA$39,$C$12:$C$31,"D",$E$12:$E$31,"*") -> 0 | AG42: =COUNTIFS($B$12:$B$31,AG$39,$C$12:$C$31,"C",$E$12:$E$31,"*") -> 0 | AJ42: =COUNTIFS($B$12:$B$31,AG$39,$C$12:$C$31,"D",$E$12:$E$31,"*") -> 0 | AL42: =COUNTIFS($B$12:$B$31,AL$39,$C$12:$C$31,"C",$E$12:$E$31,"*") -> 0 | AM42: =COUNTIFS($B$12:$B$31,AL$39,$C$12:$C$31,"D",$E$12:$E$31,"*") -> 0
B43: 常勤換算数 | C43: =IF($AK$3="４週",SUMIFS($AK$12:$AK$31,$B$12:$B$31,C39)/4/$AH$6,IF($AK$3="歴月",SUMIFS($AK$12:$AK$31,$B$12:$B$31,C39)/$AL$6,"記載する期間を選択してください")) -> 記載する期間を選択してください | E43: =IF($AK$3="４週",SUMIFS($AK$12:$AK$31,$B$12:$B$31,E39)/4/$AH$6,IF($AK$3="歴月",SUMIFS($AK$12:$AK$31,$B$12:$B$31,E39)/$AL$6,"記載する期間を選択してください")) -> 記載する期間を選択してください | I43: =IF($AK$3="４週",SUMIFS($AK$12:$AK$31,$B$12:$B$31,I39)/4/$AH$6,IF($AK$3="歴月",SUMIFS($AK$12:$AK$31,$B$12:$B$31,I39)/$AL$6,"記載する期間を選択してください")) -> 記載する期間を選択してください | O43: =IF($AK$3="４週",SUMIFS($AK$12:$AK$31,$B$12:$B$31,O39)/4/$AH$6,IF($AK$3="歴月",SUMIFS($AK$12:$AK$31,$B$12:$B$31,O39)/$AL$6,"記載する期間を選択してください")) -> 記載する期間を選択してください | U43: =IF($AK$3="４週",SUMIFS($AK$12:$AK$31,$B$12:$B$31,U39)/4/$AH$6,IF($AK$3="歴月",SUMIFS($AK$12:$AK$31,$B$12:$B$31,U39)/$AL$6,"記載する期間を選択してください")) -> 記載する期間を選択してください | AA43: =IF($AK$3="４週",SUMIFS($AK$12:$AK$31,$B$12:$B$31,AA39)/4/$AH$6,IF($AK$3="歴月",SUMIFS($AK$12:$AK$31,$B$12:$B$31,AA39)/$AL$6,"記載する期間を選択してください")) -> 記載する期間を選択してください | AG43: =IF($AK$3="４週",SUMIFS($AK$12:$AK$31,$B$12:$B$31,AG39)/4/$AH$6,IF($AK$3="歴月",SUMIFS($AK$12:$AK$31,$B$12:$B$31,AG39)/$AL$6,"記載する期間を選択してください")) -> 記載する期間を選択してください | AL43: =IF($AK$3="４週",SUMIFS($AK$12:$AK$31,$B$12:$B$31,AL39)/4/$AH$6,IF($AK$3="歴月",SUMIFS($AK$12:$AK$31,$B$12:$B$31,AL39)/$AL$6,"記載する期間を選択してください")) -> 記載する期間を選択してください
C44: 2 | E44: 3 | I44: 4 | O44: 5 | U44: 6 | AA44: 7 | AG44: 8 | AL44: 9
A45: ・最初に「年月欄」「サービス種別」「事業所名」を入力してください。 | R45: 6 | X45: 7 | AD45: 8 | AJ45: 9
A46: (1) 「４週」・「暦月」のいずれかを選択してください。
A47: (2) 「予定」・「実績」のいずれかを選択してください。
A48: (2) -2 定員数を入力してください。
A49: (3) 事業所における常勤の従業者が勤務すべき時間数を入力してください。
A50: (4) 従業者の職種を入力してください。
A51: 記入の順序は、職種ごとにまとめてください。
A52: (5) 従業者の勤務形態について、下記のうち該当する区分の記号を入力してください。
B53: 記号 | C53: 区分
B54: A | C54: 常勤で専従
B55: B | C55: 常勤で兼務
B56: C | C56: 非常勤で専従
B57: D | C57: 非常勤で兼務
B58: （注）常勤・非常勤の区分について
B59: 当該事業所における勤務時間が、当該事業所において定められている常勤の従業者が勤務すべき時間数に達していることをいいます。雇用の形態は考慮しません。
B60: （例えば、常勤者は週に40時間勤務することとされた事業所であれば、非正規雇用であっても、週40時間勤務する従業者は常勤扱いとなります。）
A61: (6) 従業者の保有する資格を入力してください。
A62: 保有資格を全て記入するのではなく、人員基準・加配加算上、求められる資格等を入力してください。
A63: ※選択した資格及び研修に関して、必要に応じて、資格証又は研修修了証等の写しを添付資料として提出してください。
A64: (7) 従業者の氏名を記入してください。
A65: (8) 申請する事業に係る従業者（管理者を含む。）の1ヶ月分の勤務時間を入力してください。常勤の職員が休暇を取得する場合は、「休」と入力してください。
A66: ※ 指定基準の確認に際しては、４週分の入力で差し支えありません。
A67: (9) 従業者ごとに、合計勤務時間数を入力してください。
A68: ※ 入力することができる時間数は、当該事業所において常勤の従業者が勤務すべき勤務時間数を上限とします。
A69: (10) 従業者ごとに、週平均の勤務時間数を入力してください。
A70: (11) 申請する事業所以外の事業所・施設との兼務がある場合は、兼務先の事業所・施設の名称、兼務する職務の内容について記入してください。
A71: 同一事業所内の兼務についても兼務する職務の内容を記入してください。
A72: その他、特記事項欄としてもご活用ください。
A73: （12) 必要項目を満たしていれば、各事業所で使用するシフト表等をもって代替書類として差し支えありません。

Sheet 参考様式1_勤務形態一覧表（児発・主として重症心身障害児）
A1: 従業者の勤務の体制及び勤務形態一覧表 | AI1: サービス種別 | AK1: 児童発達支援・主として重症心身障害児を対象とする場合
M2: 2024 | Q2: 年 | U2: 月 | AI2: 事業所名
AI3: (1)記載する期間
AI4: (2)予定/実績の別
AI5: (2)-2 定員
AG6: (3)事業所における常勤の従業者が勤務すべき時間数 | AK6: 時間/週 | AM6: 時間/月
A8: No. | B8: (4)職種 | C8: (5)勤務形態 | D8: (6)資格 | E8: (7)氏名 | F8: (8) | AK8: (9)勤務時間数合計 | AL8: (10)週平均の勤務時間数 | AM8: (11)兼務状況 （兼務先／兼務する職務の内容）等
F9: 第１週 | M9: 第２週 | T9: 第３週 | AA9: 第４週 | AH9: 第５週
F10: =DATE($M$2,$S$2,1) -> 45261 | G10: =DATE($M$2,$S$2,2) -> 45262 | H10: =DATE($M$2,$S$2,3) -> 45263 | I10: =DATE($M$2,$S$2,4) -> 45264 | J10: =DATE($M$2,$S$2,5) -> 45265 | K10: =DATE($M$2,$S$2,6) -> 45266 | L10: =DATE($M$2,$S$2,7) -> 45267 | M10: =DATE($M$2,$S$2,8) -> 45268 | N10: =DATE($M$2,$S$2,9) -> 45269 | O10: =DATE($M$2,$S$2,10) -> 45270 | P10: =DATE($M$2,$S$2,11) -> 45271 | Q10: =DATE($M$2,$S$2,12) -> 45272 | R10: =DATE($M$2,$S$2,13) -> 45273 | S10: =DATE($M$2,$S$2,14) -> 45274 | T10: =DATE($M$2,$S$2,15) -> 45275 | U10: =DATE($M$2,$S$2,16) -> 45276 | V10: =DATE($M$2,$S$2,17) -> 45277 | W10: =DATE($M$2,$S$2,18) -> 45278 | X10: =DATE($M$2,$S$2,19) -> 45279 | Y10: =DATE($M$2,$S$2,20) -> 45280 | Z10: =DATE($M$2,$S$2,21) -> 45281 | AA10: =DATE($M$2,$S$2,22) -> 45282 | AB10: =DATE($M$2,$S$2,23) -> 45283 | AC10: =DATE($M$2,$S$2,24) -> 45284 | AD10: =DATE($M$2,$S$2,25) -> 45285 | AE10: =DATE($M$2,$S$2,26) -> 45286 | AF10: =DATE($M$2,$S$2,27) -> 45287 | AG10: =DATE($M$2,$S$2,28) -> 45288 | AH10: =IF(DAY(EOMONTH(F10,0))<29,"",DATE($M$2,$S$2,29)) -> 45289 | AI10: =IF(DAY(EOMONTH(F10,0))<30,"",DATE($M$2,$S$2,30)) -> 45290 | AJ10: =IF(DAY(EOMONTH(F10,0))<31,"",DATE($M$2,$S$2,31)) -> 45291
F11: =DATE($M$2,$S$2,1) -> 45261 | G11: =DATE($M$2,$S$2,2) -> 45262 | H11: =DATE($M$2,$S$2,3) -> 45263 | I11: =DATE($M$2,$S$2,4) -> 45264 | J11: =DATE($M$2,$S$2,5) -> 45265 | K11: =DATE($M$2,$S$2,6) -> 45266 | L11: =DATE($M$2,$S$2,7) -> 45267 | M11: =DATE($M$2,$S$2,8) -> 45268 | N11: =DATE($M$2,$S$2,9) -> 45269 | O11: =DATE($M$2,$S$2,10) -> 45270 | P11: =DATE($M$2,$S$2,11) -> 45271 | Q11: =DATE($M$2,$S$2,12) -> 45272 | R11: =DATE($M$2,$S$2,13) -> 45273 | S11: =DATE($M$2,$S$2,14) -> 45274 | T11: =DATE($M$2,$S$2,15) -> 45275 | U11: =DATE($M$2,$S$2,16) -> 45276 | V11: =DATE($M$2,$S$2,17) -> 45277 | W11: =DATE($M$2,$S$2,18) -> 45278 | X11: =DATE($M$2,$S$2,19) -> 45279 | Y11: =DATE($M$2,$S$2,20) -> 45280 | Z11: =DATE($M$2,$S$2,21) -> 45281 | AA11: =DATE($M$2,$S$2,22) -> 45282 | AB11: =DATE($M$2,$S$2,23) -> 45283 | AC11: =DATE($M$2,$S$2,24) -> 45284 | AD11: =DATE($M$2,$S$2,25) -> 45285 | AE11: =DATE($M$2,$S$2,26) -> 45286 | AF11: =DATE($M$2,$S$2,27) -> 45287 | AG11: =DATE($M$2,$S$2,28) -> 45288 | AH11: =IF(DAY(EOMONTH(F11,0))<29,"",DATE($M$2,$S$2,29)) -> 45289 | AI11: =IF(DAY(EOMONTH(F11,0))<30,"",DATE($M$2,$S$2,30)) -> 45290 | AJ11: =IF(DAY(EOMONTH(F11,0))<31,"",DATE($M$2,$S$2,31)) -> 45291
A12: 1 | B12: サービス管理責任者 | C12: A | E12: A | AK12: =+SUM(F12:AJ12) -> 0 | AL12: =IF($AK$3="４週",AK12/4,AK12/(DAY(EOMONTH($F$10,0))/7)) -> 0
A13: 2 | B13: サービス管理責任者 | C13: B | E13: B | AK13: =+SUM(F13:AJ13) -> 0 | AL13: =IF($AK$3="４週",AK13/4,AK13/(DAY(EOMONTH($F$10,0))/7)) -> 0
A14: 3 | B14: サービス管理責任者 | C14: C | E14: C | AK14: =+SUM(F14:AJ14) -> 0 | AL14: =IF($AK$3="４週",AK14/4,AK14/(DAY(EOMONTH($F$10,0))/7)) -> 0
A15: 4 | B15: サービス管理責任者 | C15: D | E15: D | AK15: =+SUM(F15:AJ15) -> 0 | AL15: =IF($AK$3="４週",AK15/4,AK15/(DAY(EOMONTH($F$10,0))/7)) -> 0
A16: 5 | AK16: =+SUM(F16:AJ16) -> 0 | AL16: =IF($AK$3="４週",AK16/4,AK16/(DAY(EOMONTH($F$10,0))/7)) -> 0
A17: 6 | AK17: =+SUM(F17:AJ17) -> 0 | AL17: =IF($AK$3="４週",AK17/4,AK17/(DAY(EOMONTH($F$10,0))/7)) -> 0
A18: 7 | AK18: =+SUM(F18:AJ18) -> 0 | AL18: =IF($AK$3="４週",AK18/4,AK18/(DAY(EOMONTH($F$10,0))/7)) -> 0
A19: 8 | AK19: =+SUM(F19:AJ19) -> 0 | AL19: =IF($AK$3="４週",AK19/4,AK19/(DAY(EOMONTH($F$10,0))/7)) -> 0
A20: 9 | AK20: =+SUM(F20:AJ20) -> 0 | AL20: =IF($AK$3="４週",AK20/4,AK20/(DAY(EOMONTH($F$10,0))/7)) -> 0
A21: 10 | AK21: =+SUM(F21:AJ21) -> 0 | AL21: =IF($AK$3="４週",AK21/4,AK21/(DAY(EOMONTH($F$10,0))/7)) -> 0
A22: 11 | AK22: =+SUM(F22:AJ22) -> 0 | AL22: =IF($AK$3="４週",AK22/4,AK22/(DAY(EOMONTH($F$10,0))/7)) -> 0
A23: 12 | AK23: =+SUM(F23:AJ23) -> 0 | AL23: =IF($AK$3="４週",AK23/4,AK23/(DAY(EOMONTH($F$10,0))/7)) -> 0
A24: 13 | AK24: =+SUM(F24:AJ24) -> 0 | AL24: =IF($AK$3="４週",AK24/4,AK24/(DAY(EOMONTH($F$10,0))/7)) -> 0
A25: 14 | AK25: =+SUM(F25:AJ25) -> 0 | AL25: =IF($AK$3="４週",AK25/4,AK25/(DAY(EOMONTH($F$10,0))/7)) -> 0
A26: 15 | AK26: =+SUM(F26:AJ26) -> 0 | AL26: =IF($AK$3="４週",AK26/4,AK26/(DAY(EOMONTH($F$10,0))/7)) -> 0
A27: 16 | AK27: =+SUM(F27:AJ27) -> 0 | AL27: =IF($AK$3="４週",AK27/4,AK27/(DAY(EOMONTH($F$10,0))/7)) -> 0
... A31: 20 | AK31: =+SUM(F31:AJ31) -> 0 | AL31: =IF($AK$3="４週",AK31/4,AK31/(DAY(EOMONTH($F$10,0))/7)) -> 0
A32: 合計 | F32: =+SUM(F12:F31) -> 0 | G32: =+SUM(G12:G31) -> 0 | H32: =+SUM(H12:H31) -> 0 | I32: =+SUM(I12:I31) -> 0 | J32: =+SUM(J12:J31) -> 0 | K32: =+SUM(K12:K31) -> 0 | L32: =+SUM(L12:L31) -> 0 | M32: =+SUM(M12:M31) -> 0 | ... AJ32: =+SUM(AJ12:AJ31) -> 0 | AK32: =+SUM(F32:AJ32) -> 0 | AL32: =IF($AK$3="４週",AK32/4,AK32/(DAY(EOMONTH($F$10,0))/7)) -> 0
A33: サービス提供時間
A36: ＜実人数集計＞
C37: =IF(VLOOKUP($AK$1,選択肢!$A$1:$J$8,C42,FALSE)=0,"-",VLOOKUP($AK$1,選択肢!$A$1:$J$8,C42,FALSE)) -> 管理者 | E37: =IF(VLOOKUP($AK$1,選択肢!$A$1:$J$8,E42,FALSE)=0,"-",VLOOKUP($AK$1,選択肢!$A$1:$J$8,E42,FALSE)) -> 児童発達支援管理責任者 | I37: =IF(VLOOKUP($AK$1,選択肢!$A$1:$J$8,I42,FALSE)=0,"-",VLOOKUP($AK$1,選択肢!$A$1:$J$8,I42,FALSE)) -> 嘱託医 | O37: =IF(VLOOKUP($AK$1,選択肢!$A$1:$J$8,O42,FALSE)=0,"-",VLOOKUP($AK$1,選択肢!$A$1:$J$8,O42,FALSE)) -> 看護職員 | U37: =IF(VLOOKUP($AK$1,選択肢!$A$1:$J$8,U42,FALSE)=0,"-",VLOOKUP($AK$1,選択肢!$A$1:$J$8,U42,FALSE)) -> 児童指導員 | AA37: =IF(VLOOKUP($AK$1,選択肢!$A$1:$J$8,AA42,FALSE)=0,"-",VLOOKUP($AK$1,選択肢!$A$1:$J$8,AA42,FALSE)) -> 保育士 | AG37: =IF(VLOOKUP($AK$1,選択肢!$A$1:$J$8,AG42,FALSE)=0,"-",VLOOKUP($AK$1,選択肢!$A$1:$J$8,AG42,FALSE)) -> 機能訓練担当職員 | AL37: =IF(VLOOKUP($AK$1,選択肢!$A$1:$J$8,AL42,FALSE)=0,"-",VLOOKUP($AK$1,選択肢!$A$1:$J$8,AL42,FALSE)) -> その他職員
C38: 専従 | D38: 兼務 | E38: 専従 | F38: 兼務 | I38: 専従 | L38: 兼務 | O38: 専従 | R38: 兼務 | U38: 専従 | X38: 兼務 | AA38: 専従 | AD38: 兼務 | AG38: 専従 | AJ38: 兼務 | AL38: 専従 | AM38: 兼務
B39: 常勤 | C39: =COUNTIFS($B$12:$B$31,C$37,$C$12:$C$31,"A",$E$12:$E$31,"*") -> 0 | D39: =COUNTIFS($B$12:$B$31,C$37,$C$12:$C$31,"B",$E$12:$E$31,"*") -> 0 | E39: =COUNTIFS($B$12:$B$31,E$37,$C$12:$C$31,"A",$E$12:$E$31,"*") -> 0 | F39: =COUNTIFS($B$12:$B$31,E$37,$C$12:$C$31,"B",$E$12:$E$31,"*") -> 0 | I39: =COUNTIFS($B$12:$B$31,I$37,$C$12:$C$31,"A",$E$12:$E$31,"*") -> 0 | L39: =COUNTIFS($B$12:$B$31,I$37,$C$12:$C$31,"B",$E$12:$E$31,"*") -> 0 | O39: =COUNTIFS($B$12:$B$31,O$37,$C$12:$C$31,"A",$E$12:$E$31,"*") -> 0 | R39: =COUNTIFS($B$12:$B$31,O$37,$C$12:$C$31,"B",$E$12:$E$31,"*") -> 0 | U39: =COUNTIFS($B$12:$B$31,U$37,$C$12:$C$31,"A",$E$12:$E$31,"*") -> 0 | X39: =COUNTIFS($B$12:$B$31,U$37,$C$12:$C$31,"B",$E$12:$E$31,"*") -> 0 | AA39: =COUNTIFS($B$12:$B$31,AA$37,$C$12:$C$31,"A",$E$12:$E$31,"*") -> 0 | AD39: =COUNTIFS($B$12:$B$31,AA$37,$C$12:$C$31,"B",$E$12:$E$31,"*") -> 0 | AG39: =COUNTIFS($B$12:$B$31,AG$37,$C$12:$C$31,"A",$E$12:$E$31,"*") -> 0 | AJ39: =COUNTIFS($B$12:$B$31,AG$37,$C$12:$C$31,"B",$E$12:$E$31,"*") -> 0 | AL39: =COUNTIFS($B$12:$B$31,AL$37,$C$12:$C$31,"A",$E$12:$E$31,"*") -> 0 | AM39: =COUNTIFS($B$12:$B$31,AL$37,$C$12:$C$31,"B",$E$12:$E$31,"*") -> 0
B40: 非常勤 | C40: =COUNTIFS($B$12:$B$31,C$37,$C$12:$C$31,"C",$E$12:$E$31,"*") -> 0 | D40: =COUNTIFS($B$12:$B$31,C$37,$C$12:$C$31,"D",$E$12:$E$31,"*") -> 0 | E40: =COUNTIFS($B$12:$B$31,E$37,$C$12:$C$31,"C",$E$12:$E$31,"*") -> 0 | F40: =COUNTIFS($B$12:$B$31,E$37,$C$12:$C$31,"D",$E$12:$E$31,"*") -> 0 | I40: =COUNTIFS($B$12:$B$31,I$37,$C$12:$C$31,"C",$E$12:$E$31,"*") -> 0 | L40: =COUNTIFS($B$12:$B$31,I$37,$C$12:$C$31,"D",$E$12:$E$31,"*") -> 0 | O40: =COUNTIFS($B$12:$B$31,O$37,$C$12:$C$31,"C",$E$12:$E$31,"*") -> 0 | R40: =COUNTIFS($B$12:$B$31,O$37,$C$12:$C$31,"D",$E$12:$E$31,"*") -> 0 | U40: =COUNTIFS($B$12:$B$31,U$37,$C$12:$C$31,"C",$E$12:$E$31,"*") -> 0 | X40: =COUNTIFS($B$12:$B$31,U$37,$C$12:$C$31,"D",$E$12:$E$31,"*") -> 0 | AA40: =COUNTIFS($B$12:$B$31,AA$37,$C$12:$C$31,"C",$E$12:$E$31,"*") -> 0 | AD40: =COUNTIFS($B$12:$B$31,AA$37,$C$12:$C$31,"D",$E$12:$E$31,"*") -> 0 | AG40: =COUNTIFS($B$12:$B$31,AG$37,$C$12:$C$31,"C",$E$12:$E$31,"*") -> 0 | AJ40: =COUNTIFS($B$12:$B$31,AG$37,$C$12:$C$31,"D",$E$12:$E$31,"*") -> 0 | AL40: =COUNTIFS($B$12:$B$31,AL$37,$C$12:$C$31,"C",$E$12:$E$31,"*") -> 0 | AM40: =COUNTIFS($B$12:$B$31,AL$37,$C$12:$C$31,"D",$E$12:$E$31,"*") -> 0
B41: 常勤換算数 | C41: =IF($AK$3="４週",SUMIFS($AK$12:$AK$31,$B$12:$B$31,C37)/4/$AH$6,IF($AK$3="歴月",SUMIFS($AK$12:$AK$31,$B$12:$B$31,C37)/$AL$6,"記載する期間を選択してください")) -> 記載する期間を選択してください | E41: =IF($AK$3="４週",SUMIFS($AK$12:$AK$31,$B$12:$B$31,E37)/4/$AH$6,IF($AK$3="歴月",SUMIFS($AK$12:$AK$31,$B$12:$B$31,E37)/$AL$6,"記載する期間を選択してください")) -> 記載する期間を選択してください | I41: =IF($AK$3="４週",SUMIFS($AK$12:$AK$31,$B$12:$B$31,I37)/4/$AH$6,IF($AK$3="歴月",SUMIFS($AK$12:$AK$31,$B$12:$B$31,I37)/$AL$6,"記載する期間を選択してください")) -> 記載する期間を選択してください | O41: =IF($AK$3="４週",SUMIFS($AK$12:$AK$31,$B$12:$B$31,O37)/4/$AH$6,IF($AK$3="歴月",SUMIFS($AK$12:$AK$31,$B$12:$B$31,O37)/$AL$6,"記載する期間を選択してください")) -> 記載する期間を選択してください | U41: =IF($AK$3="４週",SUMIFS($AK$12:$AK$31,$B$12:$B$31,U37)/4/$AH$6,IF($AK$3="歴月",SUMIFS($AK$12:$AK$31,$B$12:$B$31,U37)/$AL$6,"記載する期間を選択してください")) -> 記載する期間を選択してください | AA41: =IF($AK$3="４週",SUMIFS($AK$12:$AK$31,$B$12:$B$31,AA37)/4/$AH$6,IF($AK$3="歴月",SUMIFS($AK$12:$AK$31,$B$12:$B$31,AA37)/$AL$6,"記載する期間を選択してください")) -> 記載する期間を選択してください | AG41: =IF($AK$3="４週",SUMIFS($AK$12:$AK$31,$B$12:$B$31,AG37)/4/$AH$6,IF($AK$3="歴月",SUMIFS($AK$12:$AK$31,$B$12:$B$31,AG37)/$AL$6,"記載する期間を選択してください")) -> 記載する期間を選択してください | AL41: =IF($AK$3="４週",SUMIFS($AK$12:$AK$31,$B$12:$B$31,AL37)/4/$AH$6,IF($AK$3="歴月",SUMIFS($AK$12:$AK$31,$B$12:$B$31,AL37)/$AL$6,"記載する期間を選択してください")) -> 記載する期間を選択してください
C42: 2 | E42: 3 | I42: 4 | O42: 5 | U42: 6 | AA42: 7 | AG42: 8 | AL42: 9
A43: ・最初に「年月欄」「サービス種別」「事業所名」を入力してください。 | R43: 6 | X43: 7 | AD43: 8 | AJ43: 9
A44: (1) 「４週」・「暦月」のいずれかを選択してください。
A45: (2) 「予定」・「実績」のいずれかを選択してください。
A46: (2) -2 定員数を入力してください。
A47: (3) 事業所における常勤の従業者が勤務すべき時間数を入力してください。
A48: (4) 従業者の職種を入力してください。
A49: 記入の順序は、職種ごとにまとめてください。
A50: (5) 従業者の勤務形態について、下記のうち該当する区分の記号を入力してください。
B51: 記号 | C51: 区分
B52: A | C52: 常勤で専従
B53: B | C53: 常勤で兼務
B54: C | C54: 非常勤で専従
B55: D | C55: 非常勤で兼務
B56: （注）常勤・非常勤の区分について
B57: 当該事業所における勤務時間が、当該事業所において定められている常勤の従業者が勤務すべき時間数に達していることをいいます。雇用の形態は考慮しません。
B58: （例えば、常勤者は週に40時間勤務することとされた事業所であれば、非正規雇用であっても、週40時間勤務する従業者は常勤扱いとなります。）
A59: (6) 従業者の保有する資格を入力してください。
A60: 保有資格を全て記入するのではなく、人員基準・加配加算上、求められる資格等を入力してください。
A61: ※選択した資格及び研修に関して、必要に応じて、資格証又は研修修了証等の写しを添付資料として提出してください。
A62: (7) 従業者の氏名を記入してください。
A63: (8) 申請する事業に係る従業者（管理者を含む。）の1ヶ月分の勤務時間を入力してください。常勤の職員が休暇を取得する場合は、「休」と入力してください。
A64: ※ 指定基準の確認に際しては、４週分の入力で差し支えありません。
A65: (9) 従業者ごとに、合計勤務時間数を入力してください。
A66: ※ 入力することができる時間数は、当該事業所において常勤の従業者が勤務すべき勤務時間数を上限とします。
A67: (10) 従業者ごとに、週平均の勤務時間数を入力してください。
A68: (11) 申請する事業所以外の事業所・施設との兼務がある場合は、兼務先の事業所・施設の名称、兼務する職務の内容について記入してください。
A69: 同一事業所内の兼務についても兼務する職務の内容を記入してください。
A70: その他、特記事項欄としてもご活用ください。
A71: （12) 必要項目を満たしていれば、各事業所で使用するシフト表等をもって代替書類として差し支えありません。

Sheet 参考様式1_勤務形態一覧表（児童発達支援センター）
A1: 従業者の勤務の体制及び勤務形態一覧表 | AI1: サービス種別 | AK1: 児童発達支援・児童発達支援センターであるもの
M2: 2024 | Q2: 年 | U2: 月 | AI2: 事業所名
AI3: (1)記載する期間
AI4: (2)予定/実績の別
AI5: (2)-2 定員
AG6: (3)事業所における常勤の従業者が勤務すべき時間数 | AK6: 時間/週 | AM6: 時間/月
A8: No. | B8: (4)職種 | C8: (5)勤務形態 | D8: (6)資格 | E8: (7)氏名 | F8: (8) | AK8: (9)勤務時間数合計 | AL8: (10)週平均の勤務時間数 | AM8: (11)兼務状況 （兼務先／兼務する職務の内容）等
F9: 第１週 | M9: 第２週 | T9: 第３週 | AA9: 第４週 | AH9: 第５週
F10: =DATE($M$2,$S$2,1) -> 45261 | G10: =DATE($M$2,$S$2,2) -> 45262 | H10: =DATE($M$2,$S$2,3) -> 45263 | I10: =DATE($M$2,$S$2,4) -> 45264 | J10: =DATE($M$2,$S$2,5) -> 45265 | K10: =DATE($M$2,$S$2,6) -> 45266 | L10: =DATE($M$2,$S$2,7) -> 45267 | M10: =DATE($M$2,$S$2,8) -> 45268 | N10: =DATE($M$2,$S$2,9) -> 45269 | O10: =DATE($M$2,$S$2,10) -> 45270 | P10: =DATE($M$2,$S$2,11) -> 45271 | Q10: =DATE($M$2,$S$2,12) -> 45272 | R10: =DATE($M$2,$S$2,13) -> 45273 | S10: =DATE($M$2,$S$2,14) -> 45274 | T10: =DATE($M$2,$S$2,15) -> 45275 | U10: =DATE($M$2,$S$2,16) -> 45276 | V10: =DATE($M$2,$S$2,17) -> 45277 | W10: =DATE($M$2,$S$2,18) -> 45278 | X10: =DATE($M$2,$S$2,19) -> 45279 | Y10: =DATE($M$2,$S$2,20) -> 45280 | Z10: =DATE($M$2,$S$2,21) -> 45281 | AA10: =DATE($M$2,$S$2,22) -> 45282 | AB10: =DATE($M$2,$S$2,23) -> 45283 | AC10: =DATE($M$2,$S$2,24) -> 45284 | AD10: =DATE($M$2,$S$2,25) -> 45285 | AE10: =DATE($M$2,$S$2,26) -> 45286 | AF10: =DATE($M$2,$S$2,27) -> 45287 | AG10: =DATE($M$2,$S$2,28) -> 45288 | AH10: =IF(DAY(EOMONTH(F10,0))<29,"",DATE($M$2,$S$2,29)) -> 45289 | AI10: =IF(DAY(EOMONTH(F10,0))<30,"",DATE($M$2,$S$2,30)) -> 45290 | AJ10: =IF(DAY(EOMONTH(F10,0))<31,"",DATE($M$2,$S$2,31)) -> 45291
F11: =DATE($M$2,$S$2,1) -> 45261 | G11: =DATE($M$2,$S$2,2) -> 45262 | H11: =DATE($M$2,$S$2,3) -> 45263 | I11: =DATE($M$2,$S$2,4) -> 45264 | J11: =DATE($M$2,$S$2,5) -> 45265 | K11: =DATE($M$2,$S$2,6) -> 45266 | L11: =DATE($M$2,$S$2,7) -> 45267 | M11: =DATE($M$2,$S$2,8) -> 45268 | N11: =DATE($M$2,$S$2,9) -> 45269 | O11: =DATE($M$2,$S$2,10) -> 45270 | P11: =DATE($M$2,$S$2,11) -> 45271 | Q11: =DATE($M$2,$S$2,12) -> 45272 | R11: =DATE($M$2,$S$2,13) -> 45273 | S11: =DATE($M$2,$S$2,14) -> 45274 | T11: =DATE($M$2,$S$2,15) -> 45275 | U11: =DATE($M$2,$S$2,16) -> 45276 | V11: =DATE($M$2,$S$2,17) -> 45277 | W11: =DATE($M$2,$S$2,18) -> 45278 | X11: =DATE($M$2,$S$2,19) -> 45279 | Y11: =DATE($M$2,$S$2,20) -> 45280 | Z11: =DATE($M$2,$S$2,21) -> 45281 | AA11: =DATE($M$2,$S$2,22) -> 45282 | AB11: =DATE($M$2,$S$2,23) -> 45283 | AC11: =DATE($M$2,$S$2,24) -> 45284 | AD11: =DATE($M$2,$S$2,25) -> 45285 | AE11: =DATE($M$2,$S$2,26) -> 45286 | AF11: =DATE($M$2,$S$2,27) -> 45287 | AG11: =DATE($M$2,$S$2,28) -> 45288 | AH11: =IF(DAY(EOMONTH(F11,0))<29,"",DATE($M$2,$S$2,29)) -> 45289 | AI11: =IF(DAY(EOMONTH(F11,0))<30,"",DATE($M$2,$S$2,30)) -> 45290 | AJ11: =IF(DAY(EOMONTH(F11,0))<31,"",DATE($M$2,$S$2,31)) -> 45291
A12: 1 | B12: サービス管理責任者 | C12: A | E12: A | AK12: =+SUM(F12:AJ12) -> 0 | AL12: =IF($AK$3="４週",AK12/4,AK12/(DAY(EOMONTH($F$10,0))/7)) -> 0
A13: 2 | B13: サービス管理責任者 | C13: B | E13: B | AK13: =+SUM(F13:AJ13) -> 0 | AL13: =IF($AK$3="４週",AK13/4,AK13/(DAY(EOMONTH($F$10,0))/7)) -> 0
A14: 3 | B14: サービス管理責任者 | C14: C | E14: C | AK14: =+SUM(F14:AJ14) -> 0 | AL14: =IF($AK$3="４週",AK14/4,AK14/(DAY(EOMONTH($F$10,0))/7)) -> 0
A15: 4 | B15: サービス管理責任者 | C15: D | E15: D | AK15: =+SUM(F15:AJ15) -> 0 | AL15: =IF($AK$3="４週",AK15/4,AK15/(DAY(EOMONTH($F$10,0))/7)) -> 0
A16: 5 | AK16: =+SUM(F16:AJ16) -> 0 | AL16: =IF($AK$3="４週",AK16/4,AK16/(DAY(EOMONTH($F$10,0))/7)) -> 0
A17: 6 | AK17: =+SUM(F17:AJ17) -> 0 | AL17: =IF($AK$3="４週",AK17/4,AK17/(DAY(EOMONTH($F$10,0))/7)) -> 0
A18: 7 | AK18: =+SUM(F18:AJ18) -> 0 | AL18: =IF($AK$3="４週",AK18/4,AK18/(DAY(EOMONTH($F$10,0))/7)) -> 0
A19: 8 | AK19: =+SUM(F19:AJ19) -> 0 | AL19: =IF($AK$3="４週",AK19/4,AK19/(DAY(EOMONTH($F$10,0))/7)) -> 0
A20: 9 | AK20: =+SUM(F20:AJ20) -> 0 | AL20: =IF($AK$3="４週",AK20/4,AK20/(DAY(EOMONTH($F$10,0))/7)) -> 0
A21: 10 | AK21: =+SUM(F21:AJ21) -> 0 | AL21: =IF($AK$3="４週",AK21/4,AK21/(DAY(EOMONTH($F$10,0))/7)) -> 0
A22: 11 | AK22: =+SUM(F22:AJ22) -> 0 | AL22: =IF($AK$3="４週",AK22/4,AK22/(DAY(EOMONTH($F$10,0))/7)) -> 0
A23: 12 | AK23: =+SUM(F23:AJ23) -> 0 | AL23: =IF($AK$3="４週",AK23/4,AK23/(DAY(EOMONTH($F$10,0))/7)) -> 0
A24: 13 | AK24: =+SUM(F24:AJ24) -> 0 | AL24: =IF($AK$3="４週",AK24/4,AK24/(DAY(EOMONTH($F$10,0))/7)) -> 0
A25: 14 | AK25: =+SUM(F25:AJ25) -> 0 | AL25: =IF($AK$3="４週",AK25/4,AK25/(DAY(EOMONTH($F$10,0))/7)) -> 0
A26: 15 | AK26: =+SUM(F26:AJ26) -> 0 | AL26: =IF($AK$3="４週",AK26/4,AK26/(DAY(EOMONTH($F$10,0))/7)) -> 0
A27: 16 | AK27: =+SUM(F27:AJ27) -> 0 | AL27: =IF($AK$3="４週",AK27/4,AK27/(DAY(EOMONTH($F$10,0))/7)) -> 0
... A31: 20 | AK31: =+SUM(F31:AJ31) -> 0 | AL31: =IF($AK$3="４週",AK31/4,AK31/(DAY(EOMONTH($F$10,0))/7)) -> 0
A32: 合計 | F32: =+SUM(F12:F31) -> 0 | G32: =+SUM(G12:G31) -> 0 | H32: =+SUM(H12:H31) -> 0 | I32: =+SUM(I12:I31) -> 0 | J32: =+SUM(J12:J31) -> 0 | K32: =+SUM(K12:K31) -> 0 | L32: =+SUM(L12:L31) -> 0 | M32: =+SUM(M12:M31) -> 0 | ... AJ32: =+SUM(AJ12:AJ31) -> 0 | AK32: =+SUM(F32:AJ32) -> 0 | AL32: =IF($AK$3="４週",AK32/4,AK32/(DAY(EOMONTH($F$10,0))/7)) -> 0
A33: サービス提供時間
A37: ＜実人数集計＞
C38: =IF(VLOOKUP($AK$1,選択肢!$A$1:$J$8,C43,FALSE)=0,"-",VLOOKUP($AK$1,選択肢!$A$1:$J$8,C43,FALSE)) -> 管理者 | E38: =IF(VLOOKUP($AK$1,選択肢!$A$1:$J$8,E43,FALSE)=0,"-",VLOOKUP($AK$1,選択肢!$A$1:$J$8,E43,FALSE)) -> 児童発達支援管理責任者 | I38: =IF(VLOOKUP($AK$1,選択肢!$A$1:$J$8,I43,FALSE)=0,"-",VLOOKUP($AK$1,選択肢!$A$1:$J$8,I43,FALSE)) -> 嘱託医 | O38: =IF(VLOOKUP($AK$1,選択肢!$A$1:$J$8,O43,FALSE)=0,"-",VLOOKUP($AK$1,選択肢!$A$1:$J$8,O43,FALSE)) -> 児童指導員 | U38: =IF(VLOOKUP($AK$1,選択肢!$A$1:$J$8,U43,FALSE)=0,"-",VLOOKUP($AK$1,選択肢!$A$1:$J$8,U43,FALSE)) -> 保育士 | AA38: =IF(VLOOKUP($AK$1,選択肢!$A$1:$J$8,AA43,FALSE)=0,"-",VLOOKUP($AK$1,選択肢!$A$1:$J$8,AA43,FALSE)) -> 栄養士 | AG38: =IF(VLOOKUP($AK$1,選択肢!$A$1:$J$8,AG43,FALSE)=0,"-",VLOOKUP($AK$1,選択肢!$A$1:$J$8,AG43,FALSE)) -> 調理員 | AL38: =IF(VLOOKUP($AK$1,選択肢!$A$1:$J$8,AL43,FALSE)=0,"-",VLOOKUP($AK$1,選択肢!$A$1:$J$8,AL43,FALSE)) -> 機能訓練担当職員
C39: 専従 | D39: 兼務 | E39: 専従 | F39: 兼務 | I39: 専従 | L39: 兼務 | O39: 専従 | R39: 兼務 | U39: 専従 | X39: 兼務 | AA39: 専従 | AD39: 兼務 | AG39: 専従 | AJ39: 兼務 | AL39: 専従 | AM39: 兼務
B40: 常勤 | C40: =COUNTIFS($B$12:$B$31,C$38,$C$12:$C$31,"A",$E$12:$E$31,"*") -> 0 | D40: =COUNTIFS($B$12:$B$31,C$38,$C$12:$C$31,"B",$E$12:$E$31,"*") -> 0 | E40: =COUNTIFS($B$12:$B$31,E$38,$C$12:$C$31,"A",$E$12:$E$31,"*") -> 0 | F40: =COUNTIFS($B$12:$B$31,E$38,$C$12:$C$31,"B",$E$12:$E$31,"*") -> 0 | I40: =COUNTIFS($B$12:$B$31,I$38,$C$12:$C$31,"A",$E$12:$E$31,"*") -> 0 | L40: =COUNTIFS($B$12:$B$31,I$38,$C$12:$C$31,"B",$E$12:$E$31,"*") -> 0 | O40: =COUNTIFS($B$12:$B$31,O$38,$C$12:$C$31,"A",$E$12:$E$31,"*") -> 0 | R40: =COUNTIFS($B$12:$B$31,O$38,$C$12:$C$31,"B",$E$12:$E$31,"*") -> 0 | U40: =COUNTIFS($B$12:$B$31,U$38,$C$12:$C$31,"A",$E$12:$E$31,"*") -> 0 | X40: =COUNTIFS($B$12:$B$31,U$38,$C$12:$C$31,"B",$E$12:$E$31,"*") -> 0 | AA40: =COUNTIFS($B$12:$B$31,AA$38,$C$12:$C$31,"A",$E$12:$E$31,"*") -> 0 | AD40: =COUNTIFS($B$12:$B$31,AA$38,$C$12:$C$31,"B",$E$12:$E$31,"*") -> 0 | AG40: =COUNTIFS($B$12:$B$31,AG$38,$C$12:$C$31,"A",$E$12:$E$31,"*") -> 0 | AJ40: =COUNTIFS($B$12:$B$31,AG$38,$C$12:$C$31,"B",$E$12:$E$31,"*") -> 0 | AL40: =COUNTIFS($B$12:$B$31,AL$38,$C$12:$C$31,"A",$E$12:$E$31,"*") -> 0 | AM40: =COUNTIFS($B$12:$B$31,AL$38,$C$12:$C$31,"B",$E$12:$E$31,"*") -> 0
B41: 非常勤 | C41: =COUNTIFS($B$12:$B$31,C$38,$C$12:$C$31,"C",$E$12:$E$31,"*") -> 0 | D41: =COUNTIFS($B$12:$B$31,C$38,$C$12:$C$31,"D",$E$12:$E$31,"*") -> 0 | E41: =COUNTIFS($B$12:$B$31,E$38,$C$12:$C$31,"C",$E$12:$E$31,"*") -> 0 | F41: =COUNTIFS($B$12:$B$31,E$38,$C$12:$C$31,"D",$E$12:$E$31,"*") -> 0 | I41: =COUNTIFS($B$12:$B$31,I$38,$C$12:$C$31,"C",$E$12:$E$31,"*") -> 0 | L41: =COUNTIFS($B$12:$B$31,I$38,$C$12:$C$31,"D",$E$12:$E$31,"*") -> 0 | O41: =COUNTIFS($B$12:$B$31,O$38,$C$12:$C$31,"C",$E$12:$E$31,"*") -> 0 | R41: =COUNTIFS($B$12:$B$31,O$38,$C$12:$C$31,"D",$E$12:$E$31,"*") -> 0 | U41: =COUNTIFS($B$12:$B$31,U$38,$C$12:$C$31,"C",$E$12:$E$31,"*") -> 0 | X41: =COUNTIFS($B$12:$B$31,U$38,$C$12:$C$31,"D",$E$12:$E$31,"*") -> 0 | AA41: =COUNTIFS($B$12:$B$31,AA$38,$C$12:$C$31,"C",$E$12:$E$31,"*") -> 0 | AD41: =COUNTIFS($B$12:$B$31,AA$38,$C$12:$C$31,"D",$E$12:$E$31,"*") -> 0 | AG41: =COUNTIFS($B$12:$B$31,AG$38,$C$12:$C$31,"C",$E$12:$E$31,"*") -> 0 | AJ41: =COUNTIFS($B$12:$B$31,AG$38,$C$12:$C$31,"D",$E$12:$E$31,"*") -> 0 | AL41: =COUNTIFS($B$12:$B$31,AL$38,$C$12:$C$31,"C",$E$12:$E$31,"*") -> 0 | AM41: =COUNTIFS($B$12:$B$31,AL$38,$C$12:$C$31,"D",$E$12:$E$31,"*") -> 0
B42: 常勤換算数 | C42: =IF($AK$3="４週",SUMIFS($AK$12:$AK$31,$B$12:$B$31,C38)/4/$AH$6,IF($AK$3="歴月",SUMIFS($AK$12:$AK$31,$B$12:$B$31,C38)/$AL$6,"記載する期間を選択してください")) -> 記載する期間を選択してください | E42: =IF($AK$3="４週",SUMIFS($AK$12:$AK$31,$B$12:$B$31,E38)/4/$AH$6,IF($AK$3="歴月",SUMIFS($AK$12:$AK$31,$B$12:$B$31,E38)/$AL$6,"記載する期間を選択してください")) -> 記載する期間を選択してください | I42: =IF($AK$3="４週",SUMIFS($AK$12:$AK$31,$B$12:$B$31,I38)/4/$AH$6,IF($AK$3="歴月",SUMIFS($AK$12:$AK$31,$B$12:$B$31,I38)/$AL$6,"記載する期間を選択してください")) -> 記載する期間を選択してください | O42: =IF($AK$3="４週",SUMIFS($AK$12:$AK$31,$B$12:$B$31,O38)/4/$AH$6,IF($AK$3="歴月",SUMIFS($AK$12:$AK$31,$B$12:$B$31,O38)/$AL$6,"記載する期間を選択してください")) -> 記載する期間を選択してください | U42: =IF($AK$3="４週",SUMIFS($AK$12:$AK$31,$B$12:$B$31,U38)/4/$AH$6,IF($AK$3="歴月",SUMIFS($AK$12:$AK$31,$B$12:$B$31,U38)/$AL$6,"記載する期間を選択してください")) -> 記載する期間を選択してください | AA42: =IF($AK$3="４週",SUMIFS($AK$12:$AK$31,$B$12:$B$31,AA38)/4/$AH$6,IF($AK$3="歴月",SUMIFS($AK$12:$AK$31,$B$12:$B$31,AA38)/$AL$6,"記載する期間を選択してください")) -> 記載する期間を選択してください | AG42: =IF($AK$3="４週",SUMIFS($AK$12:$AK$31,$B$12:$B$31,AG38)/4/$AH$6,IF($AK$3="歴月",SUMIFS($AK$12:$AK$31,$B$12:$B$31,AG38)/$AL$6,"記載する期間を選択してください")) -> 記載する期間を選択してください | AL42: =IF($AK$3="４週",SUMIFS($AK$12:$AK$31,$B$12:$B$31,AL38)/4/$AH$6,IF($AK$3="歴月",SUMIFS($AK$12:$AK$31,$B$12:$B$31,AL38)/$AL$6,"記載する期間を選択してください")) -> 記載する期間を選択してください
C43: 2 | E43: 3 | I43: 4 | O43: 5 | U43: 6 | AA43: 7 | AG43: 8 | AL43: 9
A44: ・最初に「年月欄」「サービス種別」「事業所名」を入力してください。 | R44: 6 | X44: 7 | AD44: 8 | AJ44: 9
A45: (1) 「４週」・「暦月」のいずれかを選択してください。
A46: (2) 「予定」・「実績」のいずれかを選択してください。
A47: (2) -2 定員数を入力してください。
A48: (3) 事業所における常勤の従業者が勤務すべき時間数を入力してください。
A49: (4) 従業者の職種を入力してください。
A50: 記入の順序は、職種ごとにまとめてください。
A51: (5) 従業者の勤務形態について、下記のうち該当する区分の記号を入力してください。
B52: 記号 | C52: 区分
B53: A | C53: 常勤で専従
B54: B | C54: 常勤で兼務
B55: C | C55: 非常勤で専従
B56: D | C56: 非常勤で兼務
B57: （注）常勤・非常勤の区分について
B58: 当該事業所における勤務時間が、当該事業所において定められている常勤の従業者が勤務すべき時間数に達していることをいいます。雇用の形態は考慮しません。
B59: （例えば、常勤者は週に40時間勤務することとされた事業所であれば、非正規雇用であっても、週40時間勤務する従業者は常勤扱いとなります。）
A60: (6) 従業者の保有する資格を入力してください。
A61: 保有資格を全て記入するのではなく、人員基準・加配加算上、求められる資格等を入力してください。
A62: ※選択した資格及び研修に関して、必要に応じて、資格証又は研修修了証等の写しを添付資料として提出してください。
A63: (7) 従業者の氏名を記入してください。
A64: (8) 申請する事業に係る従業者（管理者を含む。）の1ヶ月分の勤務時間を入力してください。常勤の職員が休暇を取得する場合は、「休」と入力してください。
A65: ※ 指定基準の確認に際しては、４週分の入力で差し支えありません。
A66: (9) 従業者ごとに、合計勤務時間数を入力してください。
A67: ※ 入力することができる時間数は、当該事業所において常勤の従業者が勤務すべき勤務時間数を上限とします。
A68: (10) 従業者ごとに、週平均の勤務時間数を入力してください。
A69: (11) 申請する事業所以外の事業所・施設との兼務がある場合は、兼務先の事業所・施設の名称、兼務する職務の内容について記入してください。
A70: 同一事業所内の兼務についても兼務する職務の内容を記入してください。
A71: その他、特記事項欄としてもご活用ください。
A72: （12) 必要項目を満たしていれば、各事業所で使用するシフト表等をもって代替書類として差し支えありません。

Sheet 参考様式1_勤務形態一覧表（居宅訪問型児童発達支援）
A1: 従業者の勤務の体制及び勤務形態一覧表 | AI1: サービス種別 | AK1: 居宅訪問型児童発達支援
M2: 2024 | Q2: 年 | U2: 月 | AI2: 事業所名
AI3: (1)記載する期間
AI4: (2)予定/実績の別
AG5: (3)事業所における常勤の従業者が勤務すべき時間数 | AK5: 時間/週 | AM5: 時間/月
A7: No. | B7: (4)職種 | C7: (5)勤務形態 | D7: (6)資格 | E7: (7)氏名 | F7: (8) | AK7: (9)勤務時間数合計 | AL7: (10)週平均の勤務時間数 | AM7: (11)兼務状況 （兼務先／兼務する職務の内容）等
F8: 第１週 | M8: 第２週 | T8: 第３週 | AA8: 第４週 | AH8: 第５週
F9: =DATE($M$2,$S$2,1) -> 45261 | G9: =DATE($M$2,$S$2,2) -> 45262 | H9: =DATE($M$2,$S$2,3) -> 45263 | I9: =DATE($M$2,$S$2,4) -> 45264 | J9: =DATE($M$2,$S$2,5) -> 45265 | K9: =DATE($M$2,$S$2,6) -> 45266 | L9: =DATE($M$2,$S$2,7) -> 45267 | M9: =DATE($M$2,$S$2,8) -> 45268 | N9: =DATE($M$2,$S$2,9) -> 45269 | O9: =DATE($M$2,$S$2,10) -> 45270 | P9: =DATE($M$2,$S$2,11) -> 45271 | Q9: =DATE($M$2,$S$2,12) -> 45272 | R9: =DATE($M$2,$S$2,13) -> 45273 | S9: =DATE($M$2,$S$2,14) -> 45274 | T9: =DATE($M$2,$S$2,15) -> 45275 | U9: =DATE($M$2,$S$2,16) -> 45276 | V9: =DATE($M$2,$S$2,17) -> 45277 | W9: =DATE($M$2,$S$2,18) -> 45278 | X9: =DATE($M$2,$S$2,19) -> 45279 | Y9: =DATE($M$2,$S$2,20) -> 45280 | Z9: =DATE($M$2,$S$2,21) -> 45281 | AA9: =DATE($M$2,$S$2,22) -> 45282 | AB9: =DATE($M$2,$S$2,23) -> 45283 | AC9: =DATE($M$2,$S$2,24) -> 45284 | AD9: =DATE($M$2,$S$2,25) -> 45285 | AE9: =DATE($M$2,$S$2,26) -> 45286 | AF9: =DATE($M$2,$S$2,27) -> 45287 | AG9: =DATE($M$2,$S$2,28) -> 45288 | AH9: =IF(DAY(EOMONTH(F9,0))<29,"",DATE($M$2,$S$2,29)) -> 45289 | AI9: =IF(DAY(EOMONTH(F9,0))<30,"",DATE($M$2,$S$2,30)) -> 45290 | AJ9: =IF(DAY(EOMONTH(F9,0))<31,"",DATE($M$2,$S$2,31)) -> 45291
F10: =DATE($M$2,$S$2,1) -> 45261 | G10: =DATE($M$2,$S$2,2) -> 45262 | H10: =DATE($M$2,$S$2,3) -> 45263 | I10: =DATE($M$2,$S$2,4) -> 45264 | J10: =DATE($M$2,$S$2,5) -> 45265 | K10: =DATE($M$2,$S$2,6) -> 45266 | L10: =DATE($M$2,$S$2,7) -> 45267 | M10: =DATE($M$2,$S$2,8) -> 45268 | N10: =DATE($M$2,$S$2,9) -> 45269 | O10: =DATE($M$2,$S$2,10) -> 45270 | P10: =DATE($M$2,$S$2,11) -> 45271 | Q10: =DATE($M$2,$S$2,12) -> 45272 | R10: =DATE($M$2,$S$2,13) -> 45273 | S10: =DATE($M$2,$S$2,14) -> 45274 | T10: =DATE($M$2,$S$2,15) -> 45275 | U10: =DATE($M$2,$S$2,16) -> 45276 | V10: =DATE($M$2,$S$2,17) -> 45277 | W10: =DATE($M$2,$S$2,18) -> 45278 | X10: =DATE($M$2,$S$2,19) -> 45279 | Y10: =DATE($M$2,$S$2,20) -> 45280 | Z10: =DATE($M$2,$S$2,21) -> 45281 | AA10: =DATE($M$2,$S$2,22) -> 45282 | AB10: =DATE($M$2,$S$2,23) -> 45283 | AC10: =DATE($M$2,$S$2,24) -> 45284 | AD10: =DATE($M$2,$S$2,25) -> 45285 | AE10: =DATE($M$2,$S$2,26) -> 45286 | AF10: =DATE($M$2,$S$2,27) -> 45287 | AG10: =DATE($M$2,$S$2,28) -> 45288 | AH10: =IF(DAY(EOMONTH(F10,0))<29,"",DATE($M$2,$S$2,29)) -> 45289 | AI10: =IF(DAY(EOMONTH(F10,0))<30,"",DATE($M$2,$S$2,30)) -> 45290 | AJ10: =IF(DAY(EOMONTH(F10,0))<31,"",DATE($M$2,$S$2,31)) -> 45291
A11: 1 | B11: サービス管理責任者 | C11: A | E11: A | AK11: =+SUM(F11:AJ11) -> 0 | AL11: =IF($AK$3="４週",AK11/4,AK11/(DAY(EOMONTH($F$9,0))/7)) -> 0
A12: 2 | B12: サービス管理責任者 | C12: B | E12: B | AK12: =+SUM(F12:AJ12) -> 0 | AL12: =IF($AK$3="４週",AK12/4,AK12/(DAY(EOMONTH($F$9,0))/7)) -> 0
A13: 3 | B13: サービス管理責任者 | C13: C | E13: C | AK13: =+SUM(F13:AJ13) -> 0 | AL13: =IF($AK$3="４週",AK13/4,AK13/(DAY(EOMONTH($F$9,0))/7)) -> 0
A14: 4 | B14: サービス管理責任者 | C14: D | E14: D | AK14: =+SUM(F14:AJ14) -> 0 | AL14: =IF($AK$3="４週",AK14/4,AK14/(DAY(EOMONTH($F$9,0))/7)) -> 0
A15: 5 | AK15: =+SUM(F15:AJ15) -> 0 | AL15: =IF($AK$3="４週",AK15/4,AK15/(DAY(EOMONTH($F$9,0))/7)) -> 0
A16: 6 | AK16: =+SUM(F16:AJ16) -> 0 | AL16: =IF($AK$3="４週",AK16/4,AK16/(DAY(EOMONTH($F$9,0))/7)) -> 0
A17: 7 | AK17: =+SUM(F17:AJ17) -> 0 | AL17: =IF($AK$3="４週",AK17/4,AK17/(DAY(EOMONTH($F$9,0))/7)) -> 0
A18: 8 | AK18: =+SUM(F18:AJ18) -> 0 | AL18: =IF($AK$3="４週",AK18/4,AK18/(DAY(EOMONTH($F$9,0))/7)) -> 0
A19: 9 | AK19: =+SUM(F19:AJ19) -> 0 | AL19: =IF($AK$3="４週",AK19/4,AK19/(DAY(EOMONTH($F$9,0))/7)) -> 0
A20: 10 | AK20: =+SUM(F20:AJ20) -> 0 | AL20: =IF($AK$3="４週",AK20/4,AK20/(DAY(EOMONTH($F$9,0))/7)) -> 0
A21: 11 | AK21: =+SUM(F21:AJ21) -> 0 | AL21: =IF($AK$3="４週",AK21/4,AK21/(DAY(EOMONTH($F$9,0))/7)) -> 0
A22: 12 | AK22: =+SUM(F22:AJ22) -> 0 | AL22: =IF($AK$3="４週",AK22/4,AK22/(DAY(EOMONTH($F$9,0))/7)) -> 0
A23: 13 | AK23: =+SUM(F23:AJ23) -> 0 | AL23: =IF($AK$3="４週",AK23/4,AK23/(DAY(EOMONTH($F$9,0))/7)) -> 0
A24: 14 | AK24: =+SUM(F24:AJ24) -> 0 | AL24: =IF($AK$3="４週",AK24/4,AK24/(DAY(EOMONTH($F$9,0))/7)) -> 0
A25: 15 | AK25: =+SUM(F25:AJ25) -> 0 | AL25: =IF($AK$3="４週",AK25/4,AK25/(DAY(EOMONTH($F$9,0))/7)) -> 0
A26: 16 | AK26: =+SUM(F26:AJ26) -> 0 | AL26: =IF($AK$3="４週",AK26/4,AK26/(DAY(EOMONTH($F$9,0))/7)) -> 0
... A30: 20 | AK30: =+SUM(F30:AJ30) -> 0 | AL30: =IF($AK$3="４週",AK30/4,AK30/(DAY(EOMONTH($F$9,0))/7)) -> 0
A31: 合計 | F31: =+SUM(F11:F30) -> 0 | G31: =+SUM(G11:G30) -> 0 | H31: =+SUM(H11:H30) -> 0 | I31: =+SUM(I11:I30) -> 0 | J31: =+SUM(J11:J30) -> 0 | K31: =+SUM(K11:K30) -> 0 | L31: =+SUM(L11:L30) -> 0 | M31: =+SUM(M11:M30) -> 0 | ... AJ31: =+SUM(AJ11:AJ30) -> 0 | AK31: =+SUM(F31:AJ31) -> 0 | AL31: =IF($AK$3="４週",AK31/4,AK31/(DAY(EOMONTH($F$9,0))/7)) -> 0
A32: サービス提供時間
A36: ＜実人数集計＞
C37: =IF(VLOOKUP($AK$1,選択肢!$A$1:$J$8,C42,FALSE)=0,"-",VLOOKUP($AK$1,選択肢!$A$1:$J$8,C42,FALSE)) -> 管理者 | E37: =IF(VLOOKUP($AK$1,選択肢!$A$1:$J$8,E42,FALSE)=0,"-",VLOOKUP($AK$1,選択肢!$A$1:$J$8,E42,FALSE)) -> 児童発達支援管理責任者 | I37: =IF(VLOOKUP($AK$1,選択肢!$A$1:$J$8,I42,FALSE)=0,"-",VLOOKUP($AK$1,選択肢!$A$1:$J$8,I42,FALSE)) -> 訪問支援員 | O37: =IF(VLOOKUP($AK$1,選択肢!$A$1:$J$8,O42,FALSE)=0,"-",VLOOKUP($AK$1,選択肢!$A$1:$J$8,O42,FALSE)) -> - | U37: =IF(VLOOKUP($AK$1,選択肢!$A$1:$J$8,U42,FALSE)=0,"-",VLOOKUP($AK$1,選択肢!$A$1:$J$8,U42,FALSE)) -> - | AA37: =IF(VLOOKUP($AK$1,選択肢!$A$1:$J$8,AA42,FALSE)=0,"-",VLOOKUP($AK$1,選択肢!$A$1:$J$8,AA42,FALSE)) -> - | AG37: =IF(VLOOKUP($AK$1,選択肢!$A$1:$J$8,AG42,FALSE)=0,"-",VLOOKUP($AK$1,選択肢!$A$1:$J$8,AG42,FALSE)) -> - | AL37: =IF(VLOOKUP($AK$1,選択肢!$A$1:$J$8,AL42,FALSE)=0,"-",VLOOKUP($AK$1,選択肢!$A$1:$J$8,AL42,FALSE)) -> -
C38: 専従 | D38: 兼務 | E38: 専従 | F38: 兼務 | I38: 専従 | L38: 兼務 | O38: 専従 | R38: 兼務 | U38: 専従 | X38: 兼務 | AA38: 専従 | AD38: 兼務 | AG38: 専従 | AJ38: 兼務 | AL38: 専従 | AM38: 兼務
B39: 常勤 | C39: =COUNTIFS($B$11:$B$30,C$37,$C$11:$C$30,"A",$E$11:$E$30,"*") -> 0 | D39: =COUNTIFS($B$11:$B$30,C$37,$C$11:$C$30,"B",$E$11:$E$30,"*") -> 0 | E39: =COUNTIFS($B$11:$B$30,E$37,$C$11:$C$30,"A",$E$11:$E$30,"*") -> 0 | F39: =COUNTIFS($B$11:$B$30,E$37,$C$11:$C$30,"B",$E$11:$E$30,"*") -> 0 | I39: =COUNTIFS($B$11:$B$30,I$37,$C$11:$C$30,"A",$E$11:$E$30,"*") -> 0 | L39: =COUNTIFS($B$11:$B$30,I$37,$C$11:$C$30,"B",$E$11:$E$30,"*") -> 0 | O39: =COUNTIFS($B$11:$B$30,O$37,$C$11:$C$30,"A",$E$11:$E$30,"*") -> 0 | R39: =COUNTIFS($B$11:$B$30,O$37,$C$11:$C$30,"B",$E$11:$E$30,"*") -> 0 | U39: =COUNTIFS($B$11:$B$30,U$37,$C$11:$C$30,"A",$E$11:$E$30,"*") -> 0 | X39: =COUNTIFS($B$11:$B$30,U$37,$C$11:$C$30,"B",$E$11:$E$30,"*") -> 0 | AA39: =COUNTIFS($B$11:$B$30,AA$37,$C$11:$C$30,"A",$E$11:$E$30,"*") -> 0 | AD39: =COUNTIFS($B$11:$B$30,AA$37,$C$11:$C$30,"B",$E$11:$E$30,"*") -> 0 | AG39: =COUNTIFS($B$11:$B$30,AG$37,$C$11:$C$30,"A",$E$11:$E$30,"*") -> 0 | AJ39: =COUNTIFS($B$11:$B$30,AG$37,$C$11:$C$30,"B",$E$11:$E$30,"*") -> 0 | AL39: =COUNTIFS($B$11:$B$30,AL$37,$C$11:$C$30,"A",$E$11:$E$30,"*") -> 0 | AM39: =COUNTIFS($B$11:$B$30,AL$37,$C$11:$C$30,"B",$E$11:$E$30,"*") -> 0
B40: 非常勤 | C40: =COUNTIFS($B$11:$B$30,C$37,$C$11:$C$30,"C",$E$11:$E$30,"*") -> 0 | D40: =COUNTIFS($B$11:$B$30,C$37,$C$11:$C$30,"D",$E$11:$E$30,"*") -> 0 | E40: =COUNTIFS($B$11:$B$30,E$37,$C$11:$C$30,"C",$E$11:$E$30,"*") -> 0 | F40: =COUNTIFS($B$11:$B$30,E$37,$C$11:$C$30,"D",$E$11:$E$30,"*") -> 0 | I40: =COUNTIFS($B$11:$B$30,I$37,$C$11:$C$30,"C",$E$11:$E$30,"*") -> 0 | L40: =COUNTIFS($B$11:$B$30,I$37,$C$11:$C$30,"D",$E$11:$E$30,"*") -> 0 | O40: =COUNTIFS($B$11:$B$30,O$37,$C$11:$C$30,"C",$E$11:$E$30,"*") -> 0 | R40: =COUNTIFS($B$11:$B$30,O$37,$C$11:$C$30,"D",$E$11:$E$30,"*") -> 0 | U40: =COUNTIFS($B$11:$B$30,U$37,$C$11:$C$30,"C",$E$11:$E$30,"*") -> 0 | X40: =COUNTIFS($B$11:$B$30,U$37,$C$11:$C$30,"D",$E$11:$E$30,"*") -> 0 | AA40: =COUNTIFS($B$11:$B$30,AA$37,$C$11:$C$30,"C",$E$11:$E$30,"*") -> 0 | AD40: =COUNTIFS($B$11:$B$30,AA$37,$C$11:$C$30,"D",$E$11:$E$30,"*") -> 0 | AG40: =COUNTIFS($B$11:$B$30,AG$37,$C$11:$C$30,"C",$E$11:$E$30,"*") -> 0 | AJ40: =COUNTIFS($B$11:$B$30,AG$37,$C$11:$C$30,"D",$E$11:$E$30,"*") -> 0 | AL40: =COUNTIFS($B$11:$B$30,AL$37,$C$11:$C$30,"C",$E$11:$E$30,"*") -> 0 | AM40: =COUNTIFS($B$11:$B$30,AL$37,$C$11:$C$30,"D",$E$11:$E$30,"*") -> 0
B41: 常勤換算数 | C41: =IF($AK$3="４週",SUMIFS($AK$11:$AK$30,$B$11:$B$30,C37)/4/$AH$5,IF($AK$3="歴月",SUMIFS($AK$11:$AK$30,$B$11:$B$30,C37)/$AL$5,"記載する期間を選択してください")) -> 記載する期間を選択してください | E41: =IF($AK$3="４週",SUMIFS($AK$11:$AK$30,$B$11:$B$30,E37)/4/$AH$5,IF($AK$3="歴月",SUMIFS($AK$11:$AK$30,$B$11:$B$30,E37)/$AL$5,"記載する期間を選択してください")) -> 記載する期間を選択してください | I41: =IF($AK$3="４週",SUMIFS($AK$11:$AK$30,$B$11:$B$30,I37)/4/$AH$5,IF($AK$3="歴月",SUMIFS($AK$11:$AK$30,$B$11:$B$30,I37)/$AL$5,"記載する期間を選択してください")) -> 記載する期間を選択してください | O41: =IF($AK$3="４週",SUMIFS($AK$11:$AK$30,$B$11:$B$30,O37)/4/$AH$5,IF($AK$3="歴月",SUMIFS($AK$11:$AK$30,$B$11:$B$30,O37)/$AL$5,"記載する期間を選択してください")) -> 記載する期間を選択してください | U41: =IF($AK$3="４週",SUMIFS($AK$11:$AK$30,$B$11:$B$30,U37)/4/$AH$5,IF($AK$3="歴月",SUMIFS($AK$11:$AK$30,$B$11:$B$30,U37)/$AL$5,"記載する期間を選択してください")) -> 記載する期間を選択してください | AA41: =IF($AK$3="４週",SUMIFS($AK$11:$AK$30,$B$11:$B$30,AA37)/4/$AH$5,IF($AK$3="歴月",SUMIFS($AK$11:$AK$30,$B$11:$B$30,AA37)/$AL$5,"記載する期間を選択してください")) -> 記載する期間を選択してください | AG41: =IF($AK$3="４週",SUMIFS($AK$11:$AK$30,$B$11:$B$30,AG37)/4/$AH$5,IF($AK$3="歴月",SUMIFS($AK$11:$AK$30,$B$11:$B$30,AG37)/$AL$5,"記載する期間を選択してください")) -> 記載する期間を選択してください | AL41: =IF($AK$3="４週",SUMIFS($AK$11:$AK$30,$B$11:$B$30,AL37)/4/$AH$5,IF($AK$3="歴月",SUMIFS($AK$11:$AK$30,$B$11:$B$30,AL37)/$AL$5,"記載する期間を選択してください")) -> 記載する期間を選択してください
C42: 2 | E42: 3 | I42: 4 | O42: 5 | U42: 6 | AA42: 7 | AG42: 8 | AL42: 9
A43: ・最初に「年月欄」「サービス種別」「事業所名」を入力してください。 | R43: 6 | X43: 7 | AD43: 8 | AJ43: 9
A44: (1) 「４週」・「暦月」のいずれかを選択してください。
A45: (2) 「予定」・「実績」のいずれかを選択してください。
A46: (3) 事業所における常勤の従業者が勤務すべき時間数を入力してください。
A47: (4) 従業者の職種を入力してください。
A48: 記入の順序は、職種ごとにまとめてください。
A49: (5) 従業者の勤務形態について、下記のうち該当する区分の記号を入力してください。
B50: 記号 | C50: 区分
B51: A | C51: 常勤で専従
B52: B | C52: 常勤で兼務
B53: C | C53: 非常勤で専従
B54: D | C54: 非常勤で兼務
B55: （注）常勤・非常勤の区分について
B56: 当該事業所における勤務時間が、当該事業所において定められている常勤の従業者が勤務すべき時間数に達していることをいいます。雇用の形態は考慮しません。
B57: （例えば、常勤者は週に40時間勤務することとされた事業所であれば、非正規雇用であっても、週40時間勤務する従業者は常勤扱いとなります。）
A58: (6) 従業者の保有する資格を入力してください。
A59: 保有資格を全て記入するのではなく、人員基準上、求められる資格等を入力してください。
A60: ※選択した資格及び研修に関して、必要に応じて、資格証又は研修修了証等の写しを添付資料として提出してください。
A61: (7) 従業者の氏名を記入してください。
A62: (8) 申請する事業に係る従業者（管理者を含む。）の1ヶ月分の勤務時間を入力してください。常勤の職員が休暇を取得する場合は、「休」と入力してください。
A63: ※ 指定基準の確認に際しては、４週分の入力で差し支えありません。
A64: (9) 従業者ごとに、合計勤務時間数を入力してください。
A65: ※ 入力することができる時間数は、当該事業所において常勤の従業者が勤務すべき勤務時間数を上限とします。
A66: (10) 従業者ごとに、週平均の勤務時間数を入力してください。
A67: (11) 申請する事業所以外の事業所・施設との兼務がある場合は、兼務先の事業所・施設の名称、兼務する職務の内容について記入してください。
A68: 同一事業所内の兼務についても兼務する職務の内容を記入してください。
A69: その他、特記事項欄としてもご活用ください。
A70: （12) 必要項目を満たしていれば、各事業所で使用するシフト表等をもって代替書類として差し支えありません。

Sheet 参考様式1_勤務形態一覧表（保育所等訪問支援）
A1: 従業者の勤務の体制及び勤務形態一覧表 | AI1: サービス種別 | AK1: 保育所等訪問支援
M2: 2024 | Q2: 年 | U2: 月 | AI2: 事業所名
AI3: (1)記載する期間
AI4: (2)予定/実績の別
AG5: (3)事業所における常勤の従業者が勤務すべき時間数 | AK5: 時間/週 | AM5: 時間/月
A7: No. | B7: (4)職種 | C7: (5)勤務形態 | D7: (6)資格 | E7: (7)氏名 | F7: (8) | AK7: (9)勤務時間数合計 | AL7: (10)週平均の勤務時間数 | AM7: (11)兼務状況 （兼務先／兼務する職務の内容）等
F8: 第１週 | M8: 第２週 | T8: 第３週 | AA8: 第４週 | AH8: 第５週
F9: =DATE($M$2,$S$2,1) -> 45261 | G9: =DATE($M$2,$S$2,2) -> 45262 | H9: =DATE($M$2,$S$2,3) -> 45263 | I9: =DATE($M$2,$S$2,4) -> 45264 | J9: =DATE($M$2,$S$2,5) -> 45265 | K9: =DATE($M$2,$S$2,6) -> 45266 | L9: =DATE($M$2,$S$2,7) -> 45267 | M9: =DATE($M$2,$S$2,8) -> 45268 | N9: =DATE($M$2,$S$2,9) -> 45269 | O9: =DATE($M$2,$S$2,10) -> 45270 | P9: =DATE($M$2,$S$2,11) -> 45271 | Q9: =DATE($M$2,$S$2,12) -> 45272 | R9: =DATE($M$2,$S$2,13) -> 45273 | S9: =DATE($M$2,$S$2,14) -> 45274 | T9: =DATE($M$2,$S$2,15) -> 45275 | U9: =DATE($M$2,$S$2,16) -> 45276 | V9: =DATE($M$2,$S$2,17) -> 45277 | W9: =DATE($M$2,$S$2,18) -> 45278 | X9: =DATE($M$2,$S$2,19) -> 45279 | Y9: =DATE($M$2,$S$2,20) -> 45280 | Z9: =DATE($M$2,$S$2,21) -> 45281 | AA9: =DATE($M$2,$S$2,22) -> 45282 | AB9: =DATE($M$2,$S$2,23) -> 45283 | AC9: =DATE($M$2,$S$2,24) -> 45284 | AD9: =DATE($M$2,$S$2,25) -> 45285 | AE9: =DATE($M$2,$S$2,26) -> 45286 | AF9: =DATE($M$2,$S$2,27) -> 45287 | AG9: =DATE($M$2,$S$2,28) -> 45288 | AH9: =IF(DAY(EOMONTH(F9,0))<29,"",DATE($M$2,$S$2,29)) -> 45289 | AI9: =IF(DAY(EOMONTH(F9,0))<30,"",DATE($M$2,$S$2,30)) -> 45290 | AJ9: =IF(DAY(EOMONTH(F9,0))<31,"",DATE($M$2,$S$2,31)) -> 45291
F10: =DATE($M$2,$S$2,1) -> 45261 | G10: =DATE($M$2,$S$2,2) -> 45262 | H10: =DATE($M$2,$S$2,3) -> 45263 | I10: =DATE($M$2,$S$2,4) -> 45264 | J10: =DATE($M$2,$S$2,5) -> 45265 | K10: =DATE($M$2,$S$2,6) -> 45266 | L10: =DATE($M$2,$S$2,7) -> 45267 | M10: =DATE($M$2,$S$2,8) -> 45268 | N10: =DATE($M$2,$S$2,9) -> 45269 | O10: =DATE($M$2,$S$2,10) -> 45270 | P10: =DATE($M$2,$S$2,11) -> 45271 | Q10: =DATE($M$2,$S$2,12) -> 45272 | R10: =DATE($M$2,$S$2,13) -> 45273 | S10: =DATE($M$2,$S$2,14) -> 45274 | T10: =DATE($M$2,$S$2,15) -> 45275 | U10: =DATE($M$2,$S$2,16) -> 45276 | V10: =DATE($M$2,$S$2,17) -> 45277 | W10: =DATE($M$2,$S$2,18) -> 45278 | X10: =DATE($M$2,$S$2,19) -> 45279 | Y10: =DATE($M$2,$S$2,20) -> 45280 | Z10: =DATE($M$2,$S$2,21) -> 45281 | AA10: =DATE($M$2,$S$2,22) -> 45282 | AB10: =DATE($M$2,$S$2,23) -> 45283 | AC10: =DATE($M$2,$S$2,24) -> 45284 | AD10: =DATE($M$2,$S$2,25) -> 45285 | AE10: =DATE($M$2,$S$2,26) -> 45286 | AF10: =DATE($M$2,$S$2,27) -> 45287 | AG10: =DATE($M$2,$S$2,28) -> 45288 | AH10: =IF(DAY(EOMONTH(F10,0))<29,"",DATE($M$2,$S$2,29)) -> 45289 | AI10: =IF(DAY(EOMONTH(F10,0))<30,"",DATE($M$2,$S$2,30)) -> 45290 | AJ10: =IF(DAY(EOMONTH(F10,0))<31,"",DATE($M$2,$S$2,31)) -> 45291
A11: 1 | B11: サービス管理責任者 | C11: A | E11: A | AK11: =+SUM(F11:AJ11) -> 0 | AL11: =IF($AK$3="４週",AK11/4,AK11/(DAY(EOMONTH($F$9,0))/7)) -> 0
A12: 2 | B12: サービス管理責任者 | C12: B | E12: B | AK12: =+SUM(F12:AJ12) -> 0 | AL12: =IF($AK$3="４週",AK12/4,AK12/(DAY(EOMONTH($F$9,0))/7)) -> 0
A13: 3 | B13: サービス管理責任者 | C13: C | E13: C | AK13: =+SUM(F13:AJ13) -> 0 | AL13: =IF($AK$3="４週",AK13/4,AK13/(DAY(EOMONTH($F$9,0))/7)) -> 0
A14: 4 | B14: サービス管理責任者 | C14: D | E14: D | AK14: =+SUM(F14:AJ14) -> 0 | AL14: =IF($AK$3="４週",AK14/4,AK14/(DAY(EOMONTH($F$9,0))/7)) -> 0
A15: 5 | AK15: =+SUM(F15:AJ15) -> 0 | AL15: =IF($AK$3="４週",AK15/4,AK15/(DAY(EOMONTH($F$9,0))/7)) -> 0
A16: 6 | AK16: =+SUM(F16:AJ16) -> 0 | AL16: =IF($AK$3="４週",AK16/4,AK16/(DAY(EOMONTH($F$9,0))/7)) -> 0
A17: 7 | AK17: =+SUM(F17:AJ17) -> 0 | AL17: =IF($AK$3="４週",AK17/4,AK17/(DAY(EOMONTH($F$9,0))/7)) -> 0
A18: 8 | AK18: =+SUM(F18:AJ18) -> 0 | AL18: =IF($AK$3="４週",AK18/4,AK18/(DAY(EOMONTH($F$9,0))/7)) -> 0
A19: 9 | AK19: =+SUM(F19:AJ19) -> 0 | AL19: =IF($AK$3="４週",AK19/4,AK19/(DAY(EOMONTH($F$9,0))/7)) -> 0
A20: 10 | AK20: =+SUM(F20:AJ20) -> 0 | AL20: =IF($AK$3="４週",AK20/4,AK20/(DAY(EOMONTH($F$9,0))/7)) -> 0
A21: 11 | AK21: =+SUM(F21:AJ21) -> 0 | AL21: =IF($AK$3="４週",AK21/4,AK21/(DAY(EOMONTH($F$9,0))/7)) -> 0
A22: 12 | AK22: =+SUM(F22:AJ22) -> 0 | AL22: =IF($AK$3="４週",AK22/4,AK22/(DAY(EOMONTH($F$9,0))/7)) -> 0
A23: 13 | AK23: =+SUM(F23:AJ23) -> 0 | AL23: =IF($AK$3="４週",AK23/4,AK23/(DAY(EOMONTH($F$9,0))/7)) -> 0
A24: 14 | AK24: =+SUM(F24:AJ24) -> 0 | AL24: =IF($AK$3="４週",AK24/4,AK24/(DAY(EOMONTH($F$9,0))/7)) -> 0
A25: 15 | AK25: =+SUM(F25:AJ25) -> 0 | AL25: =IF($AK$3="４週",AK25/4,AK25/(DAY(EOMONTH($F$9,0))/7)) -> 0
A26: 16 | AK26: =+SUM(F26:AJ26) -> 0 | AL26: =IF($AK$3="４週",AK26/4,AK26/(DAY(EOMONTH($F$9,0))/7)) -> 0
... A30: 20 | AK30: =+SUM(F30:AJ30) -> 0 | AL30: =IF($AK$3="４週",AK30/4,AK30/(DAY(EOMONTH($F$9,0))/7)) -> 0
A31: 合計 | F31: =+SUM(F11:F30) -> 0 | G31: =+SUM(G11:G30) -> 0 | H31: =+SUM(H11:H30) -> 0 | I31: =+SUM(I11:I30) -> 0 | J31: =+SUM(J11:J30) -> 0 | K31: =+SUM(K11:K30) -> 0 | L31: =+SUM(L11:L30) -> 0 | M31: =+SUM(M11:M30) -> 0 | ... AJ31: =+SUM(AJ11:AJ30) -> 0 | AK31: =+SUM(F31:AJ31) -> 0 | AL31: =IF($AK$3="４週",AK31/4,AK31/(DAY(EOMONTH($F$9,0))/7)) -> 0
A32: サービス提供時間
A36: ＜実人数集計＞
C37: =IF(VLOOKUP($AK$1,選択肢!$A$1:$J$8,C42,FALSE)=0,"-",VLOOKUP($AK$1,選択肢!$A$1:$J$8,C42,FALSE)) -> 管理者 | E37: =IF(VLOOKUP($AK$1,選択肢!$A$1:$J$8,E42,FALSE)=0,"-",VLOOKUP($AK$1,選択肢!$A$1:$J$8,E42,FALSE)) -> 児童発達支援管理責任者 | I37: =IF(VLOOKUP($AK$1,選択肢!$A$1:$J$8,I42,FALSE)=0,"-",VLOOKUP($AK$1,選択肢!$A$1:$J$8,I42,FALSE)) -> 訪問支援員 | O37: =IF(VLOOKUP($AK$1,選択肢!$A$1:$J$8,O42,FALSE)=0,"-",VLOOKUP($AK$1,選択肢!$A$1:$J$8,O42,FALSE)) -> - | U37: =IF(VLOOKUP($AK$1,選択肢!$A$1:$J$8,U42,FALSE)=0,"-",VLOOKUP($AK$1,選択肢!$A$1:$J$8,U42,FALSE)) -> - | AA37: =IF(VLOOKUP($AK$1,選択肢!$A$1:$J$8,AA42,FALSE)=0,"-",VLOOKUP($AK$1,選択肢!$A$1:$J$8,AA42,FALSE)) -> - | AG37: =IF(VLOOKUP($AK$1,選択肢!$A$1:$J$8,AG42,FALSE)=0,"-",VLOOKUP($AK$1,選択肢!$A$1:$J$8,AG42,FALSE)) -> - | AL37: =IF(VLOOKUP($AK$1,選択肢!$A$1:$J$8,AL42,FALSE)=0,"-",VLOOKUP($AK$1,選択肢!$A$1:$J$8,AL42,FALSE)) -> -
C38: 専従 | D38: 兼務 | E38: 専従 | F38: 兼務 | I38: 専従 | L38: 兼務 | O38: 専従 | R38: 兼務 | U38: 専従 | X38: 兼務 | AA38: 専従 | AD38: 兼務 | AG38: 専従 | AJ38: 兼務 | AL38: 専従 | AM38: 兼務
B39: 常勤 | C39: =COUNTIFS($B$11:$B$30,C$37,$C$11:$C$30,"A",$E$11:$E$30,"*") -> 0 | D39: =COUNTIFS($B$11:$B$30,C$37,$C$11:$C$30,"B",$E$11:$E$30,"*") -> 0 | E39: =COUNTIFS($B$11:$B$30,E$37,$C$11:$C$30,"A",$E$11:$E$30,"*") -> 0 | F39: =COUNTIFS($B$11:$B$30,E$37,$C$11:$C$30,"B",$E$11:$E$30,"*") -> 0 | I39: =COUNTIFS($B$11:$B$30,I$37,$C$11:$C$30,"A",$E$11:$E$30,"*") -> 0 | L39: =COUNTIFS($B$11:$B$30,I$37,$C$11:$C$30,"B",$E$11:$E$30,"*") -> 0 | O39: =COUNTIFS($B$11:$B$30,O$37,$C$11:$C$30,"A",$E$11:$E$30,"*") -> 0 | R39: =COUNTIFS($B$11:$B$30,O$37,$C$11:$C$30,"B",$E$11:$E$30,"*") -> 0 | U39: =COUNTIFS($B$11:$B$30,U$37,$C$11:$C$30,"A",$E$11:$E$30,"*") -> 0 | X39: =COUNTIFS($B$11:$B$30,U$37,$C$11:$C$30,"B",$E$11:$E$30,"*") -> 0 | AA39: =COUNTIFS($B$11:$B$30,AA$37,$C$11:$C$30,"A",$E$11:$E$30,"*") -> 0 | AD39: =COUNTIFS($B$11:$B$30,AA$37,$C$11:$C$30,"B",$E$11:$E$30,"*") -> 0 | AG39: =COUNTIFS($B$11:$B$30,AG$37,$C$11:$C$30,"A",$E$11:$E$30,"*") -> 0 | AJ39: =COUNTIFS($B$11:$B$30,AG$37,$C$11:$C$30,"B",$E$11:$E$30,"*") -> 0 | AL39: =COUNTIFS($B$11:$B$30,AL$37,$C$11:$C$30,"A",$E$11:$E$30,"*") -> 0 | AM39: =COUNTIFS($B$11:$B$30,AL$37,$C$11:$C$30,"B",$E$11:$E$30,"*") -> 0
B40: 非常勤 | C40: =COUNTIFS($B$11:$B$30,C$37,$C$11:$C$30,"C",$E$11:$E$30,"*") -> 0 | D40: =COUNTIFS($B$11:$B$30,C$37,$C$11:$C$30,"D",$E$11:$E$30,"*") -> 0 | E40: =COUNTIFS($B$11:$B$30,E$37,$C$11:$C$30,"C",$E$11:$E$30,"*") -> 0 | F40: =COUNTIFS($B$11:$B$30,E$37,$C$11:$C$30,"D",$E$11:$E$30,"*") -> 0 | I40: =COUNTIFS($B$11:$B$30,I$37,$C$11:$C$30,"C",$E$11:$E$30,"*") -> 0 | L40: =COUNTIFS($B$11:$B$30,I$37,$C$11:$C$30,"D",$E$11:$E$30,"*") -> 0 | O40: =COUNTIFS($B$11:$B$30,O$37,$C$11:$C$30,"C",$E$11:$E$30,"*") -> 0 | R40: =COUNTIFS($B$11:$B$30,O$37,$C$11:$C$30,"D",$E$11:$E$30,"*") -> 0 | U40: =COUNTIFS($B$11:$B$30,U$37,$C$11:$C$30,"C",$E$11:$E$30,"*") -> 0 | X40: =COUNTIFS($B$11:$B$30,U$37,$C$11:$C$30,"D",$E$11:$E$30,"*") -> 0 | AA40: =COUNTIFS($B$11:$B$30,AA$37,$C$11:$C$30,"C",$E$11:$E$30,"*") -> 0 | AD40: =COUNTIFS($B$11:$B$30,AA$37,$C$11:$C$30,"D",$E$11:$E$30,"*") -> 0 | AG40: =COUNTIFS($B$11:$B$30,AG$37,$C$11:$C$30,"C",$E$11:$E$30,"*") -> 0 | AJ40: =COUNTIFS($B$11:$B$30,AG$37,$C$11:$C$30,"D",$E$11:$E$30,"*") -> 0 | AL40: =COUNTIFS($B$11:$B$30,AL$37,$C$11:$C$30,"C",$E$11:$E$30,"*") -> 0 | AM40: =COUNTIFS($B$11:$B$30,AL$37,$C$11:$C$30,"D",$E$11:$E$30,"*") -> 0
B41: 常勤換算数 | C41: =IF($AK$3="４週",SUMIFS($AK$11:$AK$30,$B$11:$B$30,C37)/4/$AH$5,IF($AK$3="歴月",SUMIFS($AK$11:$AK$30,$B$11:$B$30,C37)/$AL$5,"記載する期間を選択してください")) -> 記載する期間を選択してください | E41: =IF($AK$3="４週",SUMIFS($AK$11:$AK$30,$B$11:$B$30,E37)/4/$AH$5,IF($AK$3="歴月",SUMIFS($AK$11:$AK$30,$B$11:$B$30,E37)/$AL$5,"記載する期間を選択してください")) -> 記載する期間を選択してください | I41: =IF($AK$3="４週",SUMIFS($AK$11:$AK$30,$B$11:$B$30,I37)/4/$AH$5,IF($AK$3="歴月",SUMIFS($AK$11:$AK$30,$B$11:$B$30,I37)/$AL$5,"記載する期間を選択してください")) -> 記載する期間を選択してください | O41: =IF($AK$3="４週",SUMIFS($AK$11:$AK$30,$B$11:$B$30,O37)/4/$AH$5,IF($AK$3="歴月",SUMIFS($AK$11:$AK$30,$B$11:$B$30,O37)/$AL$5,"記載する期間を選択してください")) -> 記載する期間を選択してください | U41: =IF($AK$3="４週",SUMIFS($AK$11:$AK$30,$B$11:$B$30,U37)/4/$AH$5,IF($AK$3="歴月",SUMIFS($AK$11:$AK$30,$B$11:$B$30,U37)/$AL$5,"記載する期間を選択してください")) -> 記載する期間を選択してください | AA41: =IF($AK$3="４週",SUMIFS($AK$11:$AK$30,$B$11:$B$30,AA37)/4/$AH$5,IF($AK$3="歴月",SUMIFS($AK$11:$AK$30,$B$11:$B$30,AA37)/$AL$5,"記載する期間を選択してください")) -> 記載する期間を選択してください | AG41: =IF($AK$3="４週",SUMIFS($AK$11:$AK$30,$B$11:$B$30,AG37)/4/$AH$5,IF($AK$3="歴月",SUMIFS($AK$11:$AK$30,$B$11:$B$30,AG37)/$AL$5,"記載する期間を選択してください")) -> 記載する期間を選択してください | AL41: =IF($AK$3="４週",SUMIFS($AK$11:$AK$30,$B$11:$B$30,AL37)/4/$AH$5,IF($AK$3="歴月",SUMIFS($AK$11:$AK$30,$B$11:$B$30,AL37)/$AL$5,"記載する期間を選択してください")) -> 記載する期間を選択してください
C42: 2 | E42: 3 | I42: 4 | O42: 5 | U42: 6 | AA42: 7 | AG42: 8 | AL42: 9
A43: ・最初に「年月欄」「サービス種別」「事業所名」を入力してください。 | R43: 6 | X43: 7 | AD43: 8 | AJ43: 9
A44: (1) 「４週」・「暦月」のいずれかを選択してください。
A45: (2) 「予定」・「実績」のいずれかを選択してください。
A46: (3) 事業所における常勤の従業者が勤務すべき時間数を入力してください。
A47: (4) 従業者の職種を入力してください。
A48: 記入の順序は、職種ごとにまとめてください。
A49: (5) 従業者の勤務形態について、下記のうち該当する区分の記号を入力してください。
B50: 記号 | C50: 区分
B51: A | C51: 常勤で専従
B52: B | C52: 常勤で兼務
B53: C | C53: 非常勤で専従
B54: D | C54: 非常勤で兼務
B55: （注）常勤・非常勤の区分について
B56: 当該事業所における勤務時間が、当該事業所において定められている常勤の従業者が勤務すべき時間数に達していることをいいます。雇用の形態は考慮しません。
B57: （例えば、常勤者は週に40時間勤務することとされた事業所であれば、非正規雇用であっても、週40時間勤務する従業者は常勤扱いとなります。）
A58: (6) 従業者の保有する資格を入力してください。
A59: 保有資格を全て記入するのではなく、人員基準上、求められる資格等を入力してください。
A60: ※選択した資格及び研修に関して、必要に応じて、資格証又は研修修了証等の写しを添付資料として提出してください。
A61: (7) 従業者の氏名を記入してください。
A62: (8) 申請する事業に係る従業者（管理者を含む。）の1ヶ月分の勤務時間を入力してください。常勤の職員が休暇を取得する場合は、「休」と入力してください。
A63: ※ 指定基準の確認に際しては、４週分の入力で差し支えありません。
A64: (9) 従業者ごとに、合計勤務時間数を入力してください。
A65: ※ 入力することができる時間数は、当該事業所において常勤の従業者が勤務すべき勤務時間数を上限とします。
A66: (10) 従業者ごとに、週平均の勤務時間数を入力してください。
A67: (11) 申請する事業所以外の事業所・施設との兼務がある場合は、兼務先の事業所・施設の名称、兼務する職務の内容について記入してください。
A68: 同一事業所内の兼務についても兼務する職務の内容を記入してください。
A69: その他、特記事項欄としてもご活用ください。
A70: （12) 必要項目を満たしていれば、各事業所で使用するシフト表等をもって代替書類として差し支えありません。

Sheet 選択肢
A1: ！申請するサービス類型を選択してください | B1: 職種① | C1: 職種② | D1: 職種③ | E1: 職種④ | F1: 職種⑤ | G1: 職種⑥ | H1: 職種⑦ | I1: 職種⑧ | J1: 職種⑨ | K1: 職種⑩
A2: 児童発達支援・放課後等デイサービス | B2: 管理者 | C2: 児童発達支援管理責任者 | D2: 児童指導員 | E2: 保育士 | F2: 機能訓練担当職員 | G2: 看護職員 | H2: その他職員
A3: 児童発達支援・主として重症心身障害児を対象とする場合 | B3: 管理者 | C3: 児童発達支援管理責任者 | D3: 嘱託医 | E3: 看護職員 | F3: 児童指導員 | G3: 保育士 | H3: 機能訓練担当職員 | I3: その他職員
A4: 児童発達支援・児童発達支援センターであるもの | B4: 管理者 | C4: 児童発達支援管理責任者 | D4: 嘱託医 | E4: 児童指導員 | F4: 保育士 | G4: 栄養士 | H4: 調理員 | I4: 機能訓練担当職員 | J4: 看護職員 | K4: その他職員
A5: 保育所等訪問支援 | B5: 管理者 | C5: 児童発達支援管理責任者 | D5: 訪問支援員
A6: 居宅訪問型児童発達支援 | B6: 管理者 | C6: 児童発達支援管理責任者 | D6: 訪問支援員
A7: 福祉型障害児入所施設 | B7: 管理者 | C7: 児童発達支援管理責任者 | D7: 医師 | E7: 看護職員 | F7: 児童指導員 | G7: 保育士 | H7: 栄養士 | I7: 調理員 | J7: 心理担当職員 | K7: その他職員
A8: 医療型障害児入所施設 | B8: 児童発達支援管理責任者 | C8: 医師 | D8: 看護職員 | E8: 児童指導員 | F8: 保育士 | G8: 心理担当職員 | H8: 理学療法士又は作業療法士 | I8: 職業指導員 | J8: その他職員

Sheet 参考様式2_管理者経歴書
C2: 管理者経歴書
A4: 事業所の名称 | C4: =TEXT([1]基本情報入力シート!L42,"#")
A5: フリガナ | B5: =TEXT([1]基本情報入力シート!L55,"#") | F5: 生年月日 | G5: 年 月 日
A6: 氏名 | B6: =TEXT([1]基本情報入力シート!L54,"#")
A8: 住所 | B8: =IF(TEXT([1]基本情報入力シート!L56,"#")="","（郵便番号 － ）",CONCATENATE("（郵便番号 ",ASC(TEXT([1]基本情報入力シート!L56,"#")),"）")) -> （郵便番号 － ）
B9: =TEXT([1]基本情報入力シート!L57,"#")
A10: 電話番号
A11: 主な職歴等
A12: 年 月 ～ 年 月 | D12: 勤務先等 | G12: 職務内容
A28: 職務に関連する資格
A29: 資格の種類 | E29: 資格取得年月日
A37: 備考（研修等の受講の状況等）
A43: 備考１ 住所・電話番号は、自宅のものを記載してください。
A44: ２ 当該管理者が管理する事業所が複数の場合は、「事業所の名称」欄を適宜拡張して、その全てを
A45: 記載してください。

Sheet 参考様式3_児発管経歴書
C2: =IF([1]基本情報入力シート!L58="管理者兼務","管理者兼児童発達支援管理責任者経歴書","児童発達支援管理責任者経歴書") -> 児童発達支援管理責任者経歴書
A4: 事業所の名称 | C4: =TEXT([1]基本情報入力シート!L42,"#")
A5: フリガナ | B5: =IF([1]基本情報入力シート!L58="*兼務*",TEXT([1]基本情報入力シート!L55,"#"),TEXT([1]基本情報入力シート!L60,"#")) | F5: 生年月日 | G5: 年 月 日
A6: 氏名 | B6: =IF([1]基本情報入力シート!L58="*兼務*",TEXT([1]基本情報入力シート!L54,"#"),TEXT([1]基本情報入力シート!L59,"#"))
A8: 住所 | B8: =IF([1]基本情報入力シート!L58="*兼務*",CONCATENATE("（郵便番号 ",ASC(TEXT([1]基本情報入力シート!L56,"#")),"）"),CONCATENATE("（郵便番号 ",ASC(TEXT([1]基本情報入力シート!L61,"#")),"）")) -> （郵便番号 ）
B9: =IF([1]基本情報入力シート!L58="*兼務*",TEXT([1]基本情報入力シート!L57,"#"),TEXT([1]基本情報入力シート!L62,"#"))
A10: 電話番号
A11: 主な職歴等
A12: 年 月 ～ 年 月 | D12: 勤務先等 | G12: 職務内容
A28: 職務に関連する資格
A29: 資格の種類 | E29: 資格取得年月日
A37: 備考（研修等の受講の状況等）
A43: 備考１ 住所・電話番号は、自宅のものを記載してください。
A44: ２ 当該管理者が管理する事業所が複数の場合は、「事業所の名称」欄を適宜拡張して、その全てを
A45: 記載してください。

Sheet 参考様式4_実務経験証明書
A2: 実 務 経 験 証 明 書
J3: 令和 年 月 日
G5: 法人名
G6: 法人所在地
G8: 代表者氏名 | J8: 印
G9: 電話番号
A11: 下記の者の実務経験は、以下のとおりであることを証明します。
A13: 氏 名 | D13: =TEXT([1]基本情報入力シート!L59,"#") | G13: （生年月日 年 月 日）
A14: 現 住 所 | D14: =TEXT([1]基本情報入力シート!L62,"#")
A15: 施設又は事業所名
A16: 事 業 種 別 | D16: 該当する事業、施設に〇をしてください。（該当がない場合はその他に記載） (1)障害児入所施設、乳児院、児童家庭支援センター、児童養護施設、障害者支援施設 (2)認可保育園、幼保連携型認定保育園、地域型認定保育園 (3)学校、幼稚園、幼稚園型認定保育園、事業所内保育事業、居宅訪問型保育事業、家庭的保育事業 (4)障害児通所支援事業、放課後児童健全育成事業 (5)小規模保育事業（定員 名）、病児保育事業、地域子育て支援拠点事業、子育て援助活動支援事業 (6)障害福祉サービス事業（生活介護、共同生活援助、居宅介護、就労継続支援など） (7)老人福祉施設、老人居宅介護、老人通所介護、地域包括支援センター、更生施設 (8)障害児（者）相談支援事業、児童相談所、地域生活支援事業、障害者就業支援センター (9)その他（ ）
D17: (10)認可外保育園、企業主導型保育事業
A18: 業 務 期 間
D19: 実勤務日数（ 日） 週平均 日
A20: 業 務 内 容 | D20: 職名 | I20: 常勤 ・ 非常勤
A24: （注） | B24: １． | C24: 業務期間欄 対象者が要援護者に対する直接的な援助を行っていた期間を記入してください。 （産休・育休・療養休暇や長期研修期間等は業務期間となりません）
C26: 実務経験証明書作成日までの期間または退職した日までの期間を記入してください。
B28: ２． | C28: 業務内容欄 指導員、生活指導員、看護士等の職名を記入し、業務について、「主に○○に対し△△などの直接支援業務（相談業務）」など具体的に記入してください。
B32: ３． | C32: 証明内容を訂正した場合は、証明権者の職印を押印してください。なお、修正液による訂正は認められません。
B35: ４． | C35: 区市町村委託事業や区市町村補助事業等の公費支出事業での実務経験の場合は、⑨その他に事業名を記載し、業務期間中に公費支出されていることが確認できる資料も添付してください。(例：補助金支給決定通知書等）

Sheet 参考様式5_誓約書
A1: （表）
A2: 誓 約 書
H4: 年 | J4: 月 | L4: 日
B5: 品川区長 あて
A8: 申請者 | D8: （名称）
D10: （代表者の職名・氏名）
A16: 申請者が別紙のいずれにも該当しない者であることを誓約します。
C20: 別紙 １ ： 障害児通所支援事業者向け
C21: 別紙 ２ ： 障害児入所施設向け
B23: 注 該当する種別に○を付けてください。

Sheet 誓約書-別紙1
C1: （裏）
B2: （別紙 １： 障害児通所支援事業者向け）
C3: 児童福祉法第２１条の５の１５第３項
B5: 一 | C5: 申請者が都道府県の条例で定める者でないとき。
B6: 二 | C6: 当該申請に係る障害児通所支援事業所の従業者の知識及び技能並びに人員が、第二十一条の五の十九第一項の都道府県の条例で定める基準を満たしていないとき。
B7: 三 | C7: 申請者が、第二十一条の五の十九第二項の都道府県の条例で定める指定通所支援の事業の設備及び運営に関する基準に従つて適正な障害児通所支援事業の運営をすることができないと認められるとき。
B8: 四 | C8: 申請者が禁錮以上の刑に処せられ、その執行を終わり、又は執行を受けることがなくなるまでの者であるとき。
B9: 五 | C9: 申請者が、この法律その他国民の保健医療若しくは福祉に関する法律で政令で定めるものの規定により罰金の刑に処せられ、その執行を終わり、又は執行を受けることがなくなるまでの者であるとき。
B10: 五の二 | C10: 申請者が、労働に関する法律の規定であつて政令で定めるものにより罰金の刑に処せられ、その執行を終わり、又は執行を受けることがなくなるまでの者であるとき。
B11: 六 | C11: 申請者が、第二十一条の五の二十四第一項又は第三十三条の十八第六項の規定により指定を取り消され、その取消しの日から起算して五年を経過しない者（当該指定を取り消された者が法人である場合においては、当該取消しの処分に係る行政手続法第十五条の規定による通知があつた日前六十日以内に当該法人の役員又はその障害児通所支援事業所を管理する者その他の政令で定める使用人（以下この条及び第二十一条の五の二十四第一項第十一号において「役員等」という。）であつた者で当該取消しの日から起算して五年を経過しないものを含み、当該指定を取り消された者が法人でない場合においては、当該通知があつた日前六十日以内に当該者の管理者であつた者で当該取消しの日から起算して五年を経過しないものを含む。）であるとき。ただし、当該指定の取消しが、指定障害児通所支援事業者の指定の取消しのうち当該指定の取消しの処分の理由となつた事実及び当該事実の発生を防止するための当該指定障害児通所支援事業者による業務管理体制の整備についての取組の状況その他の当該事実に関して当該指定障害児通所支援事業者が有していた責任の程度を考慮して、この号本文に規定する指定の取消しに該当しないこととすることが相当であると認められるものとして内閣府令で定めるものに該当する場合を除く。
B12: 七 | C12: 申請者と密接な関係を有する者（申請者（法人に限る。以下この号において同じ。）の株式の所有その他の事由を通じて当該申請者の事業を実質的に支配し、若しくはその事業に重要な影響を与える関係にある者として内閣府令で定めるもの（以下この号において「申請者の親会社等」という。）、申請者の親会社等が株式の所有その他の事由を通じてその事業を実質的に支配し、若しくはその事業に重要な影響を与える関係にある者として内閣府令で定めるもの又は当該申請者が株式の所有その他の事由を通じてその事業を実質的に支配し、若しくはその事業に重要な影響を与える関係にある者として内閣府令で定めるもののうち、当該申請者と内閣府令で定める密接な関係を有する法人をいう。）が、第二十一条の五の二十四第一項又は第三十三条の十八第六項の規定により指定を取り消され、その取消しの日から起算して五年を経過していないとき。ただし、当該指定の取消しが、指定障害児通所支援事業者の指定の取消しのうち当該指定の取消しの処分の理由となつた事実及び当該事実の発生を防止するための当該指定障害児通所支援事業者による業務管理体制の整備についての取組の状況その他の当該事実に関して当該指定障害児通所支援事業者が有していた責任の程度を考慮して、この号本文に規定する指定の取消しに該当しないこととすることが相当であると認められるものとして内閣府令で定めるものに該当する場合を除く。
B13: 八 | C13: 削除
B14: 九 | C14: 申請者が、第二十一条の五の二十四第一項又は第三十三条の十八第六項の規定による指定の取消しの処分に係る行政手続法第十五条の規定による通知があつた日から当該処分をする日又は処分をしないことを決定する日までの間に第二十一条の五の二十第四項の規定による事業の廃止の届出をした者（当該事業の廃止について相当の理由がある者を除く。）で、当該届出の日から起算して五年を経過しないものであるとき。
B15: 十 | C15: 申請者が、第二十一条の五の二十二第一項の規定による検査が行われた日から聴聞決定予定日（当該検査の結果に基づき第二十一条の五の二十四第一項の規定による指定の取消しの処分に係る聴聞を行うか否かの決定をすることが見込まれる日として内閣府令で定めるところにより都道府県知事が当該申請者に当該検査が行われた日から十日以内に特定の日を通知した場合における当該特定の日をいう。）までの間に第二十一条の五の二十第四項の規定による事業の廃止の届出をした者（当該事業の廃止について相当の理由がある者を除く。）で、当該届出の日から起算して五年を経過しないものであるとき。
B16: 十一 | C16: 第九号に規定する期間内に第二十一条の五の二十第四項の規定による事業の廃止の届出があつた場合において、申請者が、同号の通知の日前六十日以内に当該事業の廃止の届出に係る法人（当該事業の廃止について相当の理由がある法人を除く。）の役員等又は当該届出に係る法人でない者（当該事業の廃止について相当の理由がある者を除く。）の管理者であつた者で、当該届出の日から起算して五年を経過しないものであるとき。
... B19: 十四 | C19: 申請者が、法人でない者で、その管理者が第四号から第六号まで又は第九号から第十二号までのいずれかに該当する者であるとき。

Sheet 誓約書-別紙2
C1: （裏）
B2: （別紙 ２： 障害児入所施設向け）
C3: 児童福祉法第２４条の９第３項
B5: 一 | C5: 申請者が都道府県の条例で定める者でないとき。
B6: 二 | C6: 当該申請に係る障害児入所施設（第四十二条に規定する障害児入所施設をいう。以下この項において同じ。）の従業者の知識及び技能並びに人員が、第二十四条の十二第一項の都道府県の条例で定める基準を満たしていないとき。
B7: 三 | C7: 申請者が、第二十四条の十二第二項の都道府県の条例で定める指定障害児入所施設等の設備及び運営に関する基準に従つて適正な障害児入所施設の運営をすることができないと認められるとき。
B8: 四 | C8: 申請者が禁錮以上の刑に処せられ、その執行を終わり、又は執行を受けることがなくなるまでの者であるとき。
B9: 五 | C9: 申請者が、この法律その他国民の保健医療若しくは福祉に関する法律で政令で定めるものの規定により罰金の刑に処せられ、その執行を終わり、又は執行を受けることがなくなるまでの者であるとき。
B10: 五の二 | C10: 申請者が、労働に関する法律の規定であつて政令で定めるものにより罰金の刑に処せられ、その執行を終わり、又は執行を受けることがなくなるまでの者であるとき。
B11: 六 | C11: 申請者が、第二十四条の十七又は第三十三条の十八第六項の規定により指定を取り消され、その取消しの日から起算して五年を経過しない者（当該指定を取り消された者が法人である場合においては、当該取消しの処分に係る行政手続法第十五条の規定による通知があつた日前六十日以内に当該法人の役員又はその障害児入所施設を管理する者（以下この条において「役員等」という。）であつた者で当該取消しの日から起算して五年を経過しないものを含み、当該指定を取り消された者が法人でない場合においては、当該通知があつた日前六十日以内に当該者の管理者であつた者で当該取消しの日から起算して五年を経過しないものを含む。）であるとき。ただし、当該指定の取消しが、指定障害児入所施設（第二十四条の二第一項に規定する指定障害児入所施設をいう。）の指定の取消しのうち当該指定の取消しの処分の理由となつた事実及び当該事実の発生を防止するための当該指定障害児入所施設の設置者による業務管理体制の整備についての取組の状況その他の当該事実に関して当該指定障害児入所施設の設置者が有していた責任の程度を考慮して、この号本文に規定する指定の取消しに該当しないこととすることが相当であると認められるものとして内閣府令で定めるものに該当する場合を除く。
B12: 九 | C12: 申請者が、第二十四条の十七又は第三十三条の十八第六項の規定による指定の取消しの処分に係る行政手続法第十五条の規定による通知があつた日から当該処分をする日又は処分をしないことを決定する日までの間に第二十四条の十四の規定による指定の辞退をした者（当該指定の辞退について相当の理由がある者を除く。）で、当該辞退の日から起算して五年を経過しないものであるとき。
B13: 十 | C13: 申請者が、第二十四条の十五第一項の規定による検査が行われた日から聴聞決定予定日（当該検査の結果に基づき第二十四条の十七の規定による指定の取消しの処分に係る聴聞を行うか否かの決定をすることが見込まれる日として内閣府令で定めるところにより都道府県知事が当該申請者に当該検査が行われた日から十日以内に特定の日を通知した場合における当該特定の日をいう。）までの間に第二十四条の十四の規定による指定の辞退をした者（当該指定の辞退について相当の理由がある者を除く。）で、当該辞退の日から起算して五年を経過しないものであるとき。
B14: 十一 | C14: 第九号に規定する期間内に第二十四条の十四の規定による指定の辞退があつた場合において、申請者が、同号の通知の日前六十日以内に当該指定の辞退に係る法人（当該指定の辞退について相当の理由がある法人を除く。）の役員等又は当該届出に係る法人でない者（当該指定の辞退について相当の理由がある者を除く。）の管理者であつた者で、当該辞退の日から起算して五年を経過しないものであるとき。
B15: 十二 | C15: 申請者が、指定の申請前五年以内に障害児入所支援に関し不正又は著しく不当な行為をした者であるとき。
B16: 十三 | C16: 申請者が、法人で、その役員等のうちに第四号から第六号まで又は第九号から前号までのいずれかに該当する者のあるものであるとき。
B17: 十四 | C17: 申請者が、法人でない者で、その管理者が第四号から第六号まで又は第九号から第十二号までのいずれかに該当する者であるとき。

Sheet 参考様式6_苦情解決措置の概要
A3: 利用者(入所者)又はその家族からの苦情を解決するために講ずる措置の概要
A5: 事業所名
A6: サービス等の種類
A8: 措 置 の 概 要
A9: １ 利用者(入所者)又はその家族からの相談又は苦情等に対応する常設の窓口(連絡先)、担当者
A11: ２ 円滑かつ迅速に苦情を解決するための処理体制・手順
A13: ※具体的な対応方針
A15: ３ その他参考事項

Sheet 参考様式7_協力医療機関
D2: 協力医療機関について
E4: 事業所名 | F4: =TEXT([1]基本情報入力シート!L42,"#")
E5: 所在地
A7: 1 | B7: 医療機関名
B8: 所在地
B9: 診療科名
B10: 事業所からの距離 | D10: 徒歩 | F10: 分 | G10: 車 | I10: 分
A11: 2 | B11: 医療機関名
B12: 所在地
B13: 診療科名
B14: 事業所からの距離 | D14: 徒歩 | F14: 分 | G14: 車 | I14: 分
A15: 3 | B15: 医療機関名
B16: 所在地
B17: 診療科名
B18: 事業所からの距離 | D18: 徒歩 | F18: 分 | G18: 車 | I18: 分
A19: ※協定書の写しも添付してください。

Sheet 参考様式8_設備・備品等一覧表
A3: 設備･備品等一覧表
A4: サービス種類（ | B4: =IF([1]第1号様式!D40<>"選択下さい。",[1]第1号様式!D40,"")&IF([1]第1号様式!D41<>"選択下さい。"," "&[1]第1号様式!D41,"")&IF([1]第1号様式!D42<>"選択下さい。"," "&[1]第1号様式!D42,"")&IF([1]第1号様式!D43<>"選択下さい。"," "&[1]第1号様式!D43,"")&IF([1]第1号様式!D44<>"選択下さい。"," "&[1]第1号様式!D44,"") | C4: ）
A5: 事業所名 （ | B5: =TEXT([1]基本情報入力シート!L42,"#") | C5: ）
A6: 設備の概要 | B6: 設備基準上適合すべき項目等についての状況 | C6: 適合の可否
A7: サービス提供上配慮すべき設備の概要
A16: 非常災害設備等
A25: 室名 | B25: 備品の品目及び数量
A44: 備考１ 申請するサービス種類に関して、基準省令で定められた設備基準上適合すべき項目のうち、
A45: 「居室面積等一覧表｣に記載した項目以外の事項について記載してください。
A46: ２ 必要に応じて写真等を添付し、その旨を合わせて記載してください。
A47: ３ ｢適合の可否｣欄には、何も記載しないでください。

Sheet 参考様式9_耐震調査票
AI1: 別 紙
A2: 社会福祉施設等における耐震化に関する調査票
A4: ※ １施設で複数の棟がある場合は、大変恐縮ですが調査票をコピーして、棟ごとに調査票を作成してください。
A6: ※ 回答できない事情がある場合は、欄外にその旨を記入してください。
A8: 所属団体(法人)名 | B8: 名 称 | E8: =TEXT([1]基本情報入力シート!L21,"#") | T8: 施設名 | U8: 名 称 | X8: =TEXT([1]基本情報入力シート!L42,"#") | AF8: 指定番号
B9: 所在地 | E9: =CONCATENATE(TEXT([1]基本情報入力シート!L15,"#"),CHAR(10),TEXT([1]基本情報入力シート!L17,"#"),CHAR(10),TEXT([1]基本情報入力シート!L19,"#")) | U9: 所在地 | X9: =CONCATENATE(TEXT([1]第1号様式!H36,"#"),CHAR(10),TEXT([1]第1号様式!H37,"#")) -> 都道 郡・市 町・村 府県 区
B10: 担当者 | U10: 担当者
B11: 電 話 | E11: =TEXT([1]基本情報入力シート!L29,"#") | U11: 電 話 | X11: =TEXT([1]基本情報入力シート!L52,"#")
A13: ① | B13: 施設種別・棟の名称 (複数棟所有で棟名がない場合は、便宜上「Ａ棟などの呼称で区分してください。） | J13: 施設種別 （別表から選択してください） | AA13: 棟の名称 (記入例：管理棟）
J14: =IF(OR(COUNTIF([1]第1号様式!D40:'[1]第1号様式'!D44,"児童発達支援")>=1,(COUNTIF([1]第1号様式!D40:'[1]第1号様式'!D44,"児童発達支援センター")>=1)),"（２－１２）","")&IF(COUNTIF([1]第1号様式!D40:'[1]第1号様式'!D44,"放課後等デイサービス")>=1,"（２－１３）","") -> #REF! | Q14: =IF([1]第1号様式!D40<>"選択して下さい。",[1]第1号様式!D40,"")&IF([1]第1号様式!D41<>"選択して下さい。"," "&[1]第1号様式!D41,"")&IF([1]第1号様式!D42<>"選択して下さい。"," "&[1]第1号様式!D42,"")&IF([1]第1号様式!D43<>"選択して下さい。"," "&[1]第1号様式!D43,"")&IF([1]第1号様式!D44<>"選択して下さい。"," "&[1]第1号様式!D44,"") | AA14: =TEXT([1]基本情報入力シート!L42,"#")
A15: ② | B15: 併設施設について （同一建物（棟）内に他の社会福祉施設が併設されている場合や、複数のサービスを提供している場合は御記入ください。） | J15: 施設種別 （別表から選択してください） | AA15: 施設名称
J16: ―
J17: ―
J18: ―
J19: ―
J20: ※書ききれない場合は、裏面欄外に御記入ください。
A21: ③ | B21: 施設について （Ａ～Ｇについて御回答ください） | J21: Ａ | K21: 施設設置者の公私区分 （公立には、公設民営を含む） | AA21: 選択下さい。
J22: Ｂ | K22: 建物の構造 | AB22: 1. 木造
AB23: 2. 鉄筋ｺﾝｸﾘｰﾄ構造（RC）
AB24: 3. 鉄骨構造（Ｓ）
AB25: 4. 鉄骨鉄筋ｺﾝｸﾘｰﾄ構造（SRC）
AB26: 5. その他 （ ）
J27: Ｃ | K27: 建物が竣工（完成）した年 | AA27: 昭和 年 月
K28: ※昭和５６年６月１日以降に建築確認を行なった建物は、現在の耐震基準に適合しています。 | AA28: 昭和５７年１月１日以降
AH29: → 終了
J30: Ｄ | K30: 建物の自己所有・賃貸の別 （無償貸与物件は賃貸） | AA30: 選択下さい。
J31: Ｅ | K31: 建物の階数 | AA31: 階建
L32: （ビル一室等使用の場合は、当該建物総階数）
J33: Ｆ | K33: 建物の延べ床面積 （ビル一室等使用の場合は、上段に施設面積、下段に建物総面積） | AA33: 施設面積 | AK33: ㎡
AA34: 建物総面積 | AK34: ㎡
J35: Ｇ | K35: 増改築の有無 | AA35: 有（ 年 月） ・ 無
A36: ④ | B36: 耐震診断の実施状況 について （Ａ・Ｂのいずれかにチェック☑をしてください） | K36: Ａ | L36: 耐震診断実施済み | AA36: 実施日： 年 月
K37: ※Ｉｗ値（木造）・Ｉｓ値（非木造）は、階ごと等複数算出されている場合、全ての値を記載してください。 | AA37: Ｉｗ値・Ｉｓ値：
AH38: → ⑤へ
K39: Ｂ | L39: 耐震診断未実施 | R39: → ⑥へ
AH40: ⇒裏面へ
A41: ⑤ | B41: 耐震診断の結果と耐震化の実施状況について （Ａ・Ｂのいずれかにチェック☑をしてください） | K41: Ａ | L41: 耐震診断の結果、耐震化は不要
K42: （全ての階において、木造:Ｉｗ値１．1以上、非木造：Ｉｓ値０．7以上） | AH42: → 終了
K43: Ｂ | L43: 耐震診断の結果、耐震化が必要（いずれかの階で、Iw値が1.1未満又はIs値0.7未満）
K44: 耐震化の実施状況 ： １～４の中から、あてはまる項目をチェック（☑）してください。
L45: 1．改修済み
L46: 2．改修中
L47: 3．平成２５年度の間に耐震改修終了予定
L48: 4 ．その他 | P48: ： | Q48: ア～クの中から、最もあてはまる状況に一つチェック（☑）してください。
Q49: ア. 地方自治体において、耐震工事経費確保困難
Q50: イ. 法人において、耐震工事経費確保困難
Q51: ウ. 改築のための土地確保が困難
Q52: エ. 関係者間の調整が困難
Q53: オ. 平成２６年度以降、改修予定
R54: （実施時期 年 月）
Q55: カ. 施設が休止中若しくは現在、使用されていない
Q56: キ. 既に耐震工事済み
Q57: ク. その他
R58: 具体的に ：
AA61: → 終了
A62: ⑥ | B62: 今後の耐震化予定 について | K62: 今後の耐震化予定 ： １～５の中から、最もあてはまるものにチェック☑してください。
L63: 1．改修中
L64: 2．平成２５年度の間に耐震改修終了予定
L65: 3．診断予定 （実施時期： 年 月）
L66: 4．廃止予定 （廃止時期： 年 月）
L67: 5．上記以外 | P67: ： | Q67: ア～クの中から、最もあてはまる理由を一つチェック☑してください。
Q68: ア. 地方自治体において、耐震工事経費確保困難
Q69: イ. 法人において、耐震工事経費確保困難
Q70: ウ. 改築のための土地確保が困難
Q71: エ. 関係者間の調整が困難
Q72: オ. 平成２６年度以降、改修予定
S73: （実施時期 年 月）
Q74: カ. 施設が休止中若しくは現在、使用されていない
Q75: キ. 既に耐震工事済み
Q76: ク. その他
R77: 具体的に ：
AA80: → 終了
B87: （別表）
A88: 施設種別一覧
B90: （２－１）障害福祉サービス事業所（療養介護を実施する事業所）
B91: （２－２）障害福祉サービス事業所（生活介護を実施する事業所）
B92: （２－３）障害福祉サービス事業所（短期入所を実施する事業所）
B93: （２－４）障害福祉サービス事業所（自立訓練(機能訓練)を実施する事業所）
B94: （２－５）障害福祉サービス事業所（自立訓練(生活訓練)を実施する事業所）
B95: （２－６）障害福祉サービス事業所（宿泊型自立訓練を実施する事業所）
B96: （２－７）障害福祉サービス事業所（就労移行支援を実施する事業所）
B97: （２－８）障害福祉サービス事業所（就労継続支援(Ａ型)を実施する事業所）
B98: （２－９）障害福祉サービス事業所（就労継続支援(Ｂ型)を実施する事業所）
B99: （２－１０）障害者支援施設（生活介護又は自立訓練を行うものに限る）
B100: （２－１１）障害者支援施設（（２－１０）以外）
B101: （２－１２）（旧児童デイサービスを実施していた事業所のうち）児童発達支援
... B117: （２－２８）盲人ホーム

Sheet 参考様式10_事業開始届 
B2: 品川区長 あて | O2: =IF([1]基本情報入力シート!L13="","年 月 日 ",EDATE([1]基本情報入力シート!L13,-2)) -> 年 月 日
G4: 届出者 氏名 | N4: =TEXT([1]基本情報入力シート!L21,"#")
I5: （法人の場合は名称）
F8: =TEXT([1]基本情報入力シート!L42,"#") | N8: 事業開始届
C10: このたび、標記の事業を開始しますので、下記により届け出ます。
K12: 記
C14: 事業 | E14: 種類 | J14: =IF([1]第1号様式!D40<>"選択下さい。",[1]第1号様式!D40,"")&IF([1]第1号様式!D41<>"選択下さい。"," "&[1]第1号様式!D41,"")&IF([1]第1号様式!D42<>"選択下さい。"," "&[1]第1号様式!D42,"")&IF([1]第1号様式!D43<>"選択下さい。"," "&[1]第1号様式!D43,"")&IF([1]第1号様式!D44<>"選択下さい。"," "&[1]第1号様式!D44,"")
E16: 内容
C18: 経営者 | E18: 氏名（法人の場合は名称） | J18: =TEXT([1]基本情報入力シート!L21,"#")
E20: 住所 | J20: =IF(TEXT([1]基本情報入力シート!L15,"#")="","（郵便番号 － ）",CONCATENATE("（郵便番号 ",ASC(TEXT([1]基本情報入力シート!L15,"#")),"）")) -> （郵便番号 － ）
J21: =CONCATENATE(TEXT([1]基本情報入力シート!L17,"#"),CHAR(10),TEXT([1]基本情報入力シート!L19,"#"))
E22: （法人の場合は主たる事務所の所在地）
C23: 条例、定款その他の基本約款 | J23: 別紙のとおり
C24: 職員の職種 | G24: 職務内容 | P24: 職員の定数
C25: 管理者 | G25: 事業所運営・管理の統括 | S25: 人
P26: （うち兼務 | S26: 人）
C27: 児童発達支援管理責任者 | G27: 利用者の処遇に関する計画 | S27: 人
P28: （うち兼務 | S28: 人）
C29: 児童指導員・保育士 | G29: 利用者への指導・支援 | S29: 人
P30: （うち兼務 | S30: 人）
C31: 機能訓練担当職員 | G31: 日常生活を営むのに必要な機能訓練を行う | S31: 人
P32: （うち兼務 | S32: 人）
C33: 看護職員 | G33: 利用委児童の体調確認・医療的ケアの実施 | S33: 人
P34: （うち兼務 | S34: 人）
C35: その他の従業者 | G35: 利用者への指導・支援 | S35: 人
P36: （うち兼務 | S36: 人）
C37: 医師 | G37: 利用児童の体調確認および助言・指導 | S37: 人
C39: 訪問支援員 | G39: 居宅または保育所等を訪問し、集団生活への適応のために必要な直接支援および間接支援を行う | S39: 人
P40: （うち兼務 | S40: 人）
N41: 合計
S42: 人
C43: 主な職員の氏名及び経歴 | J43: 別紙のとおり
C44: 事業を行おうとする区域
C45: （区市町村の委託事業については区市町村名も含む）
C46: 事業の用に共する施設（短期入所を行おうとする場合） | E46: 名称
E48: 種類
E50: 所在地
E52: 定員 | J52: 人
C54: 事業開始予定年月日 | J54: =IF([1]基本情報入力シート!L46="","",[1]基本情報入力シート!L46)
C55: 収支予算書及び事業計画書 | J55: 別紙のとおり
C56: 事業所平面図及び部屋別面積表 | J56: 別紙のとおり
C58: この紙面は、事業開始の届出を行おうとする方に「参考例」として示すものであり、届出の様式を定めるものではありません。

Sheet 参考様式11_収支予算書
D1: 収支予算書 | AB1: （単位：千円）
D3: =IF(#REF!="","",MONTH(#REF!)) -> #REF! | F3: =IF($D$3="","",MOD(D3,12)+1) -> #REF! | H3: =IF($D$3="","",MOD(F3,12)+1) -> #REF! | J3: =IF($D$3="","",MOD(H3,12)+1) -> #REF! | L3: =IF($D$3="","",MOD(J3,12)+1) -> #REF! | N3: =IF($D$3="","",MOD(L3,12)+1) -> #REF! | P3: =IF($D$3="","",MOD(N3,12)+1) -> #REF! | R3: =IF($D$3="","",MOD(P3,12)+1) -> #REF! | T3: =IF($D$3="","",MOD(R3,12)+1) -> #REF! | V3: =IF($D$3="","",MOD(T3,12)+1) -> #REF! | X3: =IF($D$3="","",MOD(V3,12)+1) -> #REF! | Z3: =IF($D$3="","",MOD(X3,12)+1) -> #REF! | AB3: 合計
B4: 収入見込み | C4: 利用者見込数 （１日当たり） | E4: 人 | G4: 人 | I4: 人 | K4: 人 | M4: 人 | O4: 人 | Q4: 人 | S4: 人 | U4: 人 | W4: 人 | Y4: 人 | AA4: 人 | AB4: =IF(COUNT(D4:AA4)>0,SUM(D4:AA4),"")
C5: 開所日数 | AB5: =IF(COUNT(D5:AA5)>0,SUM(D5:AA5),"")
C6: 月延べ利用者数 | D6: =IF(D4="","",D4*D5) | F6: =IF(F4="","",F4*F5) | H6: =IF(H4="","",H4*H5) | J6: =IF(J4="","",J4*J5) | L6: =IF(L4="","",L4*L5) | N6: =IF(N4="","",N4*N5) | P6: =IF(P4="","",P4*P5) | R6: =IF(R4="","",R4*R5) | T6: =IF(T4="","",T4*T5) | V6: =IF(V4="","",V4*V5) | X6: =IF(X4="","",X4*X5) | Z6: =IF(Z4="","",Z4*Z5) | AB6: =IF(COUNT(D6:AA6)>0,SUM(D6:AA6),"")
C7: 算定額（＊） (１回当たり)
C8: 障害児 通所給付費 受入れ額 | H8: =IF(COUNT(D4:E5)<>2,"",D6*D7) | J8: =IF(COUNT(F4:G5)<>2,"",F6*F7) | L8: =IF(COUNT(H4:I5)<>2,"",H6*H7) | N8: =IF(COUNT(J4:K5)<>2,"",J6*J7) | P8: =IF(COUNT(L4:M5)<>2,"",L6*L7) | R8: =IF(COUNT(N4:O5)<>2,"",N6*N7) | T8: =IF(COUNT(P4:Q5)<>2,"",P6*P7) | V8: =IF(COUNT(R4:S5)<>2,"",R6*R7) | X8: =IF(COUNT(T4:U5)<>2,"",T6*T7) | Z8: =IF(COUNT(V4:W5)<>2,"",V6*V7) | AB8: =IF(COUNT(D8:AA8)>0,SUM(D8:AA8),"")
C9: 合計(Ａ) | H9: =IF(H8="","",H8) | J9: =IF(J8="","",J8) | L9: =IF(L8="","",L8) | N9: =IF(N8="","",N8) | P9: =IF(P8="","",P8) | R9: =IF(R8="","",R8) | T9: =IF(T8="","",T8) | V9: =IF(V8="","",V8) | X9: =IF(X8="","",X8) | Z9: =IF(Z8="","",Z8) | AB9: =IF(COUNT(D9:AA9)>0,SUM(D9:AA9),"")
B10: 支出見込み | C10: 人件費 | AB10: =IF(COUNT(D10:AA10)>0,SUM(D10:AA10),"")
C11: 旅費、交通費 | AB11: =IF(COUNT(D11:AA11)>0,SUM(D11:AA11),"")
C12: 事務所賃借費 | AB12: =IF(COUNT(D12:AA12)>0,SUM(D12:AA12),"")
C13: 通信費 | AB13: =IF(COUNT(D13:AA13)>0,SUM(D13:AA13),"")
C14: 諸経費 | AB14: =IF(COUNT(D14:AA14)>0,SUM(D14:AA14),"")
C15: 合計(Ｂ) | D15: =IF(COUNT(D10:E14)<>0,SUM(D10:E14),"") | F15: =IF(COUNT(F10:G14)<>0,SUM(F10:G14),"") | H15: =IF(COUNT(H10:I14)<>0,SUM(H10:I14),"") | J15: =IF(COUNT(J10:K14)<>0,SUM(J10:K14),"") | L15: =IF(COUNT(L10:M14)<>0,SUM(L10:M14),"") | N15: =IF(COUNT(N10:O14)<>0,SUM(N10:O14),"") | P15: =IF(COUNT(P10:Q14)<>0,SUM(P10:Q14),"") | R15: =IF(COUNT(R10:S14)<>0,SUM(R10:S14),"") | T15: =IF(COUNT(T10:U14)<>0,SUM(T10:U14),"") | V15: =IF(COUNT(V10:W14)<>0,SUM(V10:W14),"") | X15: =IF(COUNT(X10:Y14)<>0,SUM(X10:Y14),"") | Z15: =IF(COUNT(Z10:AA14)<>0,SUM(Z10:AA14),"") | AB15: =IF(COUNT(D15:AA15)>0,SUM(D15:AA15),"")
C16: 利益(Ａ－Ｂ) | D16: =IFERROR(IF(AND(D9="",D15=""),"",D9-D15),"") | F16: =IFERROR(IF(AND(F9="",F15=""),"",F9-F15),"") | H16: =IFERROR(IF(AND(H9="",H15=""),"",H9-H15),"") | J16: =IFERROR(IF(AND(J9="",J15=""),"",J9-J15),"") | L16: =IFERROR(IF(AND(L9="",L15=""),"",L9-L15),"") | N16: =IFERROR(IF(AND(N9="",N15=""),"",N9-N15),"") | P16: =IFERROR(IF(AND(P9="",P15=""),"",P9-P15),"") | R16: =IFERROR(IF(AND(R9="",R15=""),"",R9-R15),"") | T16: =IFERROR(IF(AND(T9="",T15=""),"",T9-T15),"") | V16: =IFERROR(IF(AND(V9="",V15=""),"",V9-V15),"") | X16: =IFERROR(IF(AND(X9="",X15=""),"",X9-X15),"") | Z16: =IFERROR(IF(AND(Z9="",Z15=""),"",Z9-Z15),"") | AB16: =IF(COUNT(D16:AA16)>0,SUM(D16:AA16),"")
C18: ＊ 算定額 ＝ （ 本体報酬 ＋ 各種加算 ） × 地域区分の単位
C19: ※ 上記の例は、４月から事業開始の例（支出の費目は、もっと細かく記載しても可）
C20: ※ 障害児通所給付費は、区市町村に請求した月の翌月末に振り込まれます。
C21: （例：４月サービス提供分は、５月に請求し、６月末に振り込まれます。）
C22: ※ 諸経費には、消耗品費、光熱水費、車両管理費、研修費、宣伝広告費、租税公課、社会保険料、借入金返済、レンタル料等が見込まれます。
C25: 参考【計算の根拠となる基本情報】
C27: ＜給付費に関する情報整理＞
C28: 地域区分 | G28: 区分の単位
C29: 事業の種別
C30: 基本単位
C31: 休日単位
C33: 加算
C40: 処遇改善

Sheet 参考様式12_社保・労保加入状況
A2: 社会福祉事業等の事業所用
A3: 社会保険及び労働保険への加入状況にかかる確認票
A5: 貴事業所の現状等について、下記の項目に回答してください。
A6: Ⅰ．現在、厚生年金保険・健康保険に加入していますか。 （該当する番号に☑チェックを付してください。また、必要事項をご記入ください。）
B7: 加入状況
B8: 加入している。 →下記のいずれかの書類の写しを提出してください。（提示も可）
B9: ●保険料の領収証書 ●社会保険料納入証明書
B10: ●社会保険料納入確認書
B11: ●健康保険・厚生年金保険資格取得確認および標準報酬決定通知書
B12: ●健康保険・厚生年金保険適用通知書
B13: ※上記書類を所持していない場合には事業所整理記号を下記に記載するのみで可。
B14: （本社等にて加入手続が行われている場合も事業所整理記号を下記に記載するのみで可。）
B17: 現在、加入手続中である。
B18: 今後、加入手続を行う。
B19: （申請から３か月以内に適用要件（法人事業所または従業員５人以上の個人事業所）に該当する予定の場合を含む。）
B20: 令和（ ）年（ ）月頃に手続予定。（申請から３か月以内の年月をご記入ください。）
... B23: （個人事業所（法人ではない事業所）であって、正社員と、正社員以外で１週間の所定労働時間及び１か月の所定労働日数が同じ事業所で同様の業務に従事している正社員の４分の３以上である者との合計が５人以上か不明な場合。）
A25: Ⅱ．現在、労働者災害補償保険・雇用保険に加入していますか。 （該当する番号に☑チェックを付してください。また、必要事項をご記入ください。）
B26: 加入状況
B27: 加入している。 →下記のいずれかの書類の写しを提出してください。（提示も可）
B28: ●労働保険概算・確定保険料申告書
B29: ●納付書・領収証等 ●保険関係成立届
B30: ※上記書類を所持していない場合には労働保険番号を下記に記載するのみで可。
B31: （本社等にて加入手続が行われている場合も労働保険番号を下記に記載するのみで可。）
M32: －
B34: 現在、加入手続中である。
B35: 今後、加入手続を行う。
B36: （申請から３か月以内に従業員（パート・アルバイトを含む）を雇う予定がある場合を含む。）
B37: 令和（ ）年（ ）月頃に手続予定。（申請から３か月以内の年月をご記入ください。）
B38: 適用要件に該当しない。（事業主・役員・同居の親族のみで経営、従業員（パート・アルバイトを含む）がいない、申請から３か月以内に従業員を雇う予定がない。）
A40: 回答年月日 令和 年 月 日 | D40: =IF([2]基本情報入力シート!L13="","年 月 日 ",[2]基本情報入力シート!L13) -> 年 月 日
A41: 事 業 所 名 称 | E41: =TEXT([2]基本情報入力シート!L21,"#")
A42: 事業所 所在地 | E42: =CONCATENATE(TEXT([2]基本情報入力シート!L15,"#"),CHAR(10),TEXT([2]基本情報入力シート!L17,"#"),CHAR(10),TEXT([2]基本情報入力シート!L19,"#"))
A43: 会社等法人番号
A44: 電 話 番 号 | E44: =TEXT([2]基本情報入力シート!L29,"#")
A46: ※ 事業主の皆様には、全ての法令を遵守していただきたいと考えています。社会保険・労働保険の適用が確認できない場合は、厚生労働省からの依頼に基づき、厚生労働省に情報提供いたします。
A47: ※ 社会保険・労働保険の適用促進以外の目的では使用いたしません。

Sheet 参考様式13_メールアドレスの登録 
A1: Ｅメールアドレスの登録 （情報提供用・ＷＡＭ ＮＥＴ登録用）
A3: 都内で指定を受けている障害児通所支援事業所につきましては以下のＥメールアドレスの登録が必要です。
A5: Ｅメールアドレス | B5: 目 的
A6: 【１】事業所 | B6: 国からの通知等（例：報酬改定など）の情報提供用
A7: 【２】法人 | B7: ＷＡＭ ＮＥＴへの登録用
B8: ◆児童福祉法の改正により、平成３０年４月から障害児通所支援事業等の情報公表制度が創設されました。これは、障害児通所支援事業等の施設・事業者が、事業所等の所在地等の基本情報や苦情対応の状況等の運営情報等を都道府県に報告し、都道府県が確認後に公表する制度です。（また、令和6年4月の報酬改定で情報公表未報告減算が新設されました。） なお、回答いただいたメールアドレスの情報は、東京都から独立行政法人福祉医療機構に提供させていただきますので、あらかじめ御了承の上、御回答いただきますようお願いします。
B9: ★既に情報公表制度に登録済の法人は法人のＥメールアドレスの登録は不要です。
A11: ※ご注意※ | B11: (お間違えのないよう、正確に記入してください。) ◆事業所・法人のアドレスとしての登録になりますので、個人のアドレスではなく、必ず組織のアドレスを登録してください。 ◆Ｅメールアドレスが変わったときは、速やかに登録の変更をお願いします
A13: 【１】
A14: 事業所名 | B14: =TEXT([2]基本情報入力シート!L42,"#")
A15: 指定年月日 | B15: =IF([2]基本情報入力シート!L46="","",[2]基本情報入力シート!L46)
A16: 事業種別 | B16: =IF([2]第1号様式!D40<>"選択下さい。",[2]第1号様式!D40,"")&IF([2]第1号様式!D41<>"選択下さい。"," "&[2]第1号様式!D41,"")&IF([2]第1号様式!D42<>"選択下さい。"," "&[2]第1号様式!D42,"")&IF([2]第1号様式!D43<>"選択下さい。"," "&[2]第1号様式!D43,"")&IF([2]第1号様式!D44<>"選択下さい。"," "&[2]第1号様式!D44,"")
A17: Ｅメールアドレス
A19: 【２】
A20: 法人名 | B20: =TEXT([2]基本情報入力シート!L21,"#")
A21: Ｅメールアドレス

Sheet 付表３－２
A1: 付表３－２ 一体的に実施する従たる事業所の指定に係る記載事項
L2: ※多機能型事業実施時は、各事業の付表と付表１３を併せて提出してください。
N4: 受付番号
B6: フリガナ
A7: 施 | B7: 名 称
B8: 所在地 | D8: （郵便番号 － ）
A9: 設 | F9: 県 | I9: 郡・市
B11: 連 絡 先 | D11: 電話番号 | K11: ＦＡＸ番号
A12: 実施主体が地方公共団体である場合は、当該事業の実施について定めてある条例等 | J12: 第 条第 項第 号
A13: サービス | C13: フリガナ | J13: 住 所 | L13: （郵便番号 － ）
A14: 管理責任者 | C14: 氏 名
A15: 従業者の職種・員数 | F15: 医 師 | I15: サービス管理責任者 | L15: 看護職員 | O15: 理学療法士 | R15: 作業療法士
F16: 専従 | G16: ※兼務 | I16: 専従 | J16: ※兼務 | L16: 専従 | M16: ※兼務 | O16: 専従 | P16: ※兼務 | R16: 専従 | S16: ※兼務
B17: 従業者数 | D17: 常勤（人）
D18: 非常勤（人）
B19: 常勤換算後の人数（人）
B20: 基準上の必要人数（人）
F21: 機能訓練指導員 | I21: 生活支援員 | L21: 精神保健福祉士 | O21: その他の従業者
F22: 専従 | G22: ※兼務 | I22: 専従 | J22: ※兼務 | L22: 専従 | M22: ※兼務 | O22: 専従 | P22: ※兼務
B23: 従業者数 | D23: 常勤（人）
D24: 非常勤（人）
B25: 常勤換算後の人数（人）
B26: 基準上の必要人数（人）
B27: 前年度の平均 実利用者数（人） | F27: 施設が申告する障害程度区分の平均値
F28: サービス単位 | I28: ４未満 | M28: ４以上５未満 | Q28: ５以上
F29: サービス単位１
F30: サービス単位２
F31: サービス単位３
A32: 主な掲示事項
B33: 営業日 | F33: 単位ごとの営業日
B34: 営業時間 | F34: 単位ごとのサービス提供時間（送迎時間を除く）（① ： ～ ： ② ： ～ ： ）
B35: 主たる対象者 | F35: 特定無し | H35: 身体障害者
H36: 細分無し | J36: 肢体不自由 | L36: 視覚障害 | N36: 聴覚・言語 | P36: 内部障害
F38: 知的障害者 | H38: 精神障害者 | J38: 難病等対象者
B41: 利用定員 | F41: 人（単位ごとの定員）（① ② ）
B42: 基準上の必要定員
B43: 多機能型実施の有無 | F43: 有 ・ 無
B44: 利用料
B46: その他の費用
B47: その他参考となる事項 | F47: 第三者評価の実施状況 | J47: している ・ していない
F48: 苦情解決の措置概要 | J48: 窓口（連絡先） | N48: 担当者
F49: その他
A50: 協力医療機関 | F50: 名 称 | L50: 主な診療科名
A51: 一体的に管理運営する 他の事業所
A52: 添付書類 | F52: 別添のとおり（登記簿謄本又は条例等、事業所平面図、経歴書、運営規程、利用者からの苦情を解決するために講ずる措置の概要、勤務体制・形態一覧表、設備・備品等一覧表、協力医療機関との契約内容がわかるもの）、事業計画書
A53: （備考）
A54: １．「受付番号」「基準上の必要人数」「基準上の必要値」「基準上の必要定員」欄には、記載しないでください。
A55: ２．記入欄が不足する場合は、適宜欄を設けて記載するか又は別葉に記載した書類を添付してください。
A56: ３．「看護職員」とは保健師、看護師、准看護師のことを言います。
A57: ４．新設の場合には、「前年度の平均利用者数」欄は推定数を記入してください。
A58: ５．「主な掲示事項」欄には、その内容を簡潔に記載してください。
A59: ６．「※兼務」欄は、施設入所支援事業以外との兼務を行う職員について記載してください。
A60: ７．「その他の費用」欄には、入所者に直接金銭の負担を求める場合のサービス内容について記載してください。
